 Dungeon Crawl Stone Soup version 0.22.0 (webtiles) character file.

15374575 Nib the Intangible (level 27, 249/249 HPs)
             Began as a Gnoll Necromancer on Aug 7, 2018.
             Was the Champion of Cheibriados.
             Escaped with the Orb
             ... and 15 runes on Aug 10, 2018!
             The game lasted 10:29:04 (104333 turns).

Nib the Intangible (Gnoll Necromancer)            Turns: 104333, Time: 10:29:05

Health: 249/249    AC: 46    Str: 29    XL:     27
Magic:  63/63      EV: 36    Int: 46    God:    Cheibriados [******]
Gold:   5618       SH: 35    Dex: 44    Spells: 3/80 levels left

rFire    + + .     SeeInvis +   a - +9 eudemon blade (holy)
rCold    + + +     Gourm    .   U - +1 large shield of Forking Paths {Dex+4 Slay+5}
rNeg     + + .     Faith    .   x - +9 scales of the Dragon King {rPois rF+ rC+ MR+}
rPois    +         Spirit   .   L - +2 hat {MR+}
rElec    .         Reflect  .   y - scarf {rC+ rF+}
rCorr    +         Harm     .   j - +0 pair of gloves of the Dwarven Hall {rCorr}
MR       +++++                  Q - +2 pair of boots of the Assassin {Detection Stab+ Stlth++}
Stlth    ++........             P - amulet of Leixy {RegenMP MR+ Int+4}
HPRegen  0.51/turn              G - ring of the Seven Emperors {rN+ MP+9 EV+2 Dex+4 Slay+3}
MPRegen  0.63/turn              S - ring "Fenu" {rC+ rN+ Dex+3 SInv Stlth-}

@: deflect missiles, very slow
A: distributed training, fangs 1, hooves 1, horns 1, large bone plates 1, slimy
green scales 1, strong 1, strong nose
0: Orb of Zot
}: 15/15 runes: serpentine, barnacled, slimy, silver, golden, iron, obsidian,
icy, bone, abyssal, demonic, glowing, magical, fiery, dark
a: Bend Time, Temporal Distortion, Slouch, Step From Time, Renounce Religion


You escaped.
You worshipped Cheibriados.
Cheibriados was exalted by your worship.
You were very full.

You visited 17 branches of the dungeon, and saw 88 of its levels.
You visited Pandemonium 1 time, and saw 16 of its levels.
You visited the Abyss 4 times.
You completed 2 ziggurats, and saw 54 of their levels.
You also visited: Labyrinth, Trove, Ossuary, Bailey, Ice Cave and Wizlab.

You collected 17414 gold pieces.
You spent 11796 gold pieces at shops.


Innate Abilities, Weirdness & Mutations

Your experience applies equally to all skills.
You have very sharp teeth.
Your uncanny sense of smell can sniff out nearby items.
You have large cloven feet.
You have a pair of small horns on your head.
You are partially covered in large bone plates. (SH +4)
You are partially covered in slimy green scales. (AC +2)
Your muscles are strong. (Str +2)


   Skills:
 O Level 27 Fighting
 O Level 27 Short Blades
 O Level 27 Long Blades
 O Level 27 Axes
 O Level 27 Maces & Flails
 O Level 27 Polearms
 O Level 27 Staves
 O Level 27 Slings
 O Level 27 Bows
 O Level 27 Crossbows
 O Level 27 Throwing
 O Level 27 Armour
 O Level 27 Dodging
 O Level 27 Stealth
 O Level 27 Shields
 O Level 27 Unarmed Combat
 O Level 27 Spellcasting
 O Level 27 Conjurations
 O Level 27 Hexes
 O Level 27 Charms
 O Level 27 Summonings
 O Level 27 Necromancy
 O Level 27 Translocations
 O Level 27 Transmutations
 O Level 27 Fire Magic
 O Level 27 Ice Magic
 O Level 27 Air Magic
 O Level 27 Earth Magic
 O Level 27 Poison Magic
 O Level 27 Invocations
 O Level 27 Evocations


You had 3 spell levels left.
You knew the following spells:

 Your Spells              Type           Power        Failure   Level  Hunger
a - Lesser Beckoning      Tloc           ########..   0%          3    None
b - Necromutation         Tmut/Necr      ########..   1%          8    None
c - Song of Slaying       Chrm           ########     0%          2    None
d - Statue Form           Tmut/Erth      ########.    0%          6    None
e - Controlled Blink      Tloc           N/A          1%          8    None
f - Borgnjor's Vile Clut  Necr/Erth      ########..   0%          5    None
g - Borgnjor's Revivific  Necr           ########..   1%          8    None
i - Apportation           Tloc           ######       0%          1    None
j - Ignition              Fire           ########..   1%          8    None
k - Tornado               Air            ########..   1%          9    None
l - Blink                 Tloc           N/A          0%          2    None
m - Infestation           Necr           ########..   1%          8    None
v - Deflect Missiles      Chrm/Air       ########..   0%          6    None
z - Regeneration          Chrm/Necr      ########..   0%          3    None

Your spell library contained the following spells:

 Spells                   Type           Power        Failure   Level  Hunger
 Cause Fear               Hex            ########..   0%          4    None
 Magic Dart               Conj           ####         0%          1    None
 Fireball                 Conj/Fire      ########..   0%          5    None
 Conjure Flame            Conj/Fire      ########     0%          3    None
 Bolt of Fire             Conj/Fire      ########..   0%          6    None
 Bolt of Cold             Conj/Ice       ########..   0%          6    None
 Lightning Bolt           Conj/Air       ########..   0%          5    None
 Bolt of Magma            Conj/Fire/Erth ########..   0%          5    None
 Slow                     Hex            ########     0%          2    None
 Confuse                  Hex            ########     0%          3    None
 Invisibility             Hex            ########     0%          6    None
 Throw Flame              Conj/Fire      ######       0%          2    None
 Throw Frost              Conj/Ice       ######       0%          2    None
 Freezing Cloud           Conj/Ice/Air   ########..   0%          6    None
 Mephitic Cloud           Conj/Pois/Air  ########     0%          3    None
 Ring of Flames           Chrm/Fire      ########..   0%          7    None
 Venom Bolt               Conj/Pois      ########..   0%          5    None
 Olgreb's Toxic Radiance  Pois           ########     0%          4    None
 Teleport Other           Tloc           ########     0%          3    None
 Death's Door             Chrm/Necr      ########..   1%          8    None
 Summon Small Mammal      Summ           ####         0%          1    None
 Bolt of Draining         Conj/Necr      ########..   0%          5    None
 Lehudib's Crystal Spear  Conj/Erth      ########..   1%          8    None
 Fire Storm               Conj/Fire      ########..   1%          9    None
 Iskenderun's Mystic Bla  Conj           ########     0%          4    None
 Summon Horrible Things   Summ           ########..   1%          8    None
 Animate Dead             Necr           N/A          0%          4    None
 Pain                     Necr           ####         0%          1    None
 Animate Skeleton         Necr           N/A          0%          1    None
 Vampiric Draining        Necr           ########..   0%          3    None
 Haunt                    Necr/Summ      ########..   0%          7    None
 Freeze                   Ice            ####         0%          1    None
 Ozocubu's Refrigeration  Ice            ########..   0%          6    None
 Sticky Flame             Conj/Fire      ########     0%          4    None
 Summon Ice Beast         Ice/Summ       ########     0%          4    None
 Ozocubu's Armour         Chrm/Ice       ########     0%          3    None
 Call Imp                 Summ           ########     0%          2    None
 Dispel Undead            Necr           ########     0%          5    None
 Poison Arrow             Conj/Pois      ########..   0%          6    None
 Sting                    Conj/Pois      ####         0%          1    None
 Sublimation of Blood     Necr           ########..   0%          2    None
 Tukima's Dance           Hex            ########     0%          3    None
 Summon Demon             Summ           ########..   0%          5    None
 Summon Greater Demon     Summ           ########..   0%          7    None
 Corpse Rot               Necr           N/A          0%          2    None
 Iron Shot                Conj/Erth      ########..   0%          6    None
 Stone Arrow              Conj/Erth      ######       0%          3    None
 Shock                    Conj/Air       ####         0%          1    None
 Swiftness                Chrm/Air       ########     0%          2    None
 Recall                   Summ/Tloc      N/A          0%          3    None
 Agony                    Necr           ########     0%          5    None
 Spider Form              Tmut/Pois      ########..   0%          3    None
 Blade Hands              Tmut           ########..   0%          5    None
 Ice Form                 Ice/Tmut       ########     0%          4    None
 Dragon Form              Tmut           ########..   0%          7    None
 Death Channel            Necr           ########..   0%          6    None
 Throw Icicle             Conj/Ice       ########     0%          4    None
 Glaciate                 Conj/Ice       ########..   1%          9    None
 Airstrike                Air            ########..   0%          4    None
 Shadow Creatures         Summ           N/A          0%          6    None
 Confusing Touch          Hex            ######       0%          1    None
 Flame Tongue             Conj/Fire      #####        0%          1    None
 Passwall                 Tmut/Erth      ########     0%          2    None
 Ignite Poison            Fire/Tmut/Pois ########     0%          3    None
 Sticks to Snakes         Tmut           ########     0%          2    None
 Call Canine Familiar     Summ           ########     0%          3    None
 Ensorcelled Hibernation  Hex/Ice        ######       0%          2    None
 Metabolic Englaciation   Hex/Ice        ########..   0%          5    None
 Summon Butterflies       Summ           ########     0%          1    None
 Silence                  Hex/Air        ########..   0%          5    None
 Shatter                  Erth           ########..   1%          9    None
 Dispersal                Tloc           ########..   0%          6    None
 Static Discharge         Conj/Air       ########     0%          3    None
 Corona                   Hex            #######      0%          1    None
 Alistair's Intoxication  Tmut/Pois      ########     0%          5    None
 Lee's Rapid Deconstruct  Erth           ########..   0%          5    None
 Sandblast                Erth           ######       0%          1    None
 Simulacrum               Ice/Necr       ########..   0%          6    None
 Conjure Ball Lightning   Conj/Air       ########..   0%          6    None
 Chain Lightning          Conj/Air       ########..   1%          8    None
 Excruciating Wounds      Chrm/Necr      ########..   0%          5    None
 Portal Projectile        Hex/Tloc       ######       0%          3    None
 Monstrous Menagerie      Summ           ########..   0%          7    None
 Petrify                  Tmut/Erth      ########     0%          4    None
 Passage of Golubria      Tloc           N/A          0%          4    None
 Orb of Destruction       Conj           ########..   0%          7    None
 Malign Gateway           Summ/Tloc      ########..   0%          7    None
 Leda's Liquefaction      Hex/Erth       ########..   0%          4    None
 Summon Hydra             Summ           ########..   0%          7    None
 Darkness                 Hex            ########..   0%          6    None
 Shroud of Golubria       Chrm/Tloc      ########..   0%          2    None
 Inner Flame              Hex/Fire       ########     0%          3    None
 Aura of Abjuration       Summ           ########..   0%          5    None
 Beastly Appendage        Tmut           ######       0%          1    None
 Disjunction              Tloc           ########..   1%          8    None
 Iskenderun's Battlesphe  Conj/Chrm      ########     0%          5    None
 Fulminant Prism          Conj/Hex       ########..   0%          4    None
 Dazzling Spray           Conj/Hex       ######       0%          3    None
 Force Lance              Conj/Tloc      ########     0%          4    None
 Infusion                 Chrm           ####         0%          1    None
 Spectral Weapon          Hex/Chrm       ########     0%          3    None
 Searing Ray              Conj           ######       0%          2    None
 Discord                  Hex            ########..   1%          8    None
 Summon Forest            Summ/Tloc      ########..   0%          5    None
 Summon Lightning Spire   Summ/Air       ########     0%          4    None
 Summon Guardian Golem    Hex/Summ       ########     0%          3    None
 Dragon's Call            Summ           ########..   1%          9    None
 Spellforged Servitor     Conj/Summ      ########..   0%          7    None
 Summon Mana Viper        Hex/Summ       ########     0%          5    None
 Hydra Form               Tmut           ########..   0%          6    None
 Irradiate                Conj/Tmut      ########..   0%          5    None
 Gell's Gravitas          Tloc           ########..   0%          3    None
 Yara's Violent Unravell  Hex/Tmut       ########..   0%          5    None
 Poisonous Vapours        Pois/Air       ######       0%          2    None

Inventory:

Hand Weapons
 a - a +9 eudemon blade of holy wrath (weapon)
 c - a +2 antimagic broad axe
 d - a +8 broad axe of electrocution
 e - a +3 broad axe of freezing
Missiles
 C - 18 throwing nets (quivered)
Armour
 j - the +0 pair of gloves of the Dwarven Hall (worn) {rCorr}
   (You acquired it on level 21 of a ziggurat)

   It provides partial protection from all sources of acid and corrosion.
 x - the +9 scales of the Dragon King (worn) {rPois rF+ rC+ MR+}
   (You found it on level 3 of the Elven Halls)

   It protects you from fire.
   It protects you from cold.
   It protects you from poison.
   It affects your resistance to hostile enchantments.
 y - a scarf of resistance (worn)
 L - a +2 hat of magic resistance (worn)
 Q - the +2 pair of boots of the Assassin (worn) {Detection Stab+ Stlth++}
   (You found it on level 22 of a ziggurat)

   It makes you much more stealthy.
 U - the +1 large shield of Forking Paths (worn) {Dex+4 Slay+5}
   (You took it off a black draconian on level 2 of the Realm of Zot)

   It affects your dexterity (+4).
   It affects your accuracy and damage with ranged weapons and melee attacks
   (+5).
Magical Staves
 r - an uncursed staff of energy
Jewellery
 v - the ring of Jyub {+Blink rF+}
   (You found it in a treasure trove)

   [ring of protection from fire]

   It protects you from fire.
   It lets you blink.
 G - the ring of the Seven Emperors (left hand) {rN+ MP+9 EV+2 Dex+4 Slay+3}
   (You bought it in a shop on level 5 of the Depths)

   [ring of evasion]

   It affects your evasion (+2).
   It affects your dexterity (+4).
   It affects your accuracy and damage with ranged weapons and melee attacks
   (+3).
   It protects you from negative energy.
   It affects your magic capacity (+9).
 N - the ring of Guuluh {+Inv rN+}
   (You found it on level 3 of the Elven Halls)

   [ring of positive energy]

   It protects you from negative energy.
   It lets you turn invisible.
 P - the amulet of Leixy (around neck) {RegenMP MR+ Int+4}
   (You found it on level 22 of a ziggurat)

   [amulet of magic regeneration]

   It increases your magic regeneration.
   It affects your intelligence (+4).
   It affects your resistance to hostile enchantments.
 S - the ring "Fenu" (right hand) {rC+ rN+ Dex+3 SInv Stlth-}
   (You found it on level 13 of a ziggurat)

   [ring of attention]

   It affects your dexterity (+3).
   It protects you from cold.
   It protects you from negative energy.
   It lets you see invisible.
   It makes you less stealthy.
Wands
 m - a wand of acid (42)
 o - a wand of clouds (14)
 A - a wand of iceblast (15)
 I - a wand of digging (22)
Scrolls
 h - 4 scrolls of silence
 i - 52 scrolls of teleportation
 k - 3 scrolls of amnesia
 l - a scroll of magic mapping
 q - 59 scrolls of remove curse
 s - 15 scrolls of fog
 w - 16 scrolls of blinking
 F - 15 scrolls of identify
 J - 14 scrolls of immolation
 K - 13 scrolls of fear
 O - 3 scrolls of vulnerability
 R - 2 scrolls of summoning
 Z - 10 scrolls of holy word
Potions
 g - 3 potions of resistance
 n - 11 potions of brilliance
 p - 5 potions of might
 u - 8 potions of ambrosia
 z - 25 potions of curing
 B - 3 potions of magic
 D - 20 potions of lignification
 H - 8 potions of cancellation
 X - 16 potions of mutation
 Y - a potion of invisibility
Miscellaneous
 t - 24 phantom mirrors
 E - a crystal ball of energy
 M - 2 +2 figurines of a ziggurat
 T - 16 sacks of spiders
 V - a fan of gales
 W - 14 boxes of beasts
Comestibles
 f - 85 rations


Message History

There is a stone staircase leading down here.
(D) Dungeon (T) Temple (L) Lair (A) Shoals (P) Snake Pit (M) Slime Pits (O) Orcish Mines (E) Elven Halls (V) Vaults (C) Crypt (W) Tomb (U) Depths (H) Hell (I) Dis (G) Gehenna (X) Cocytus (Y) Tartarus (Z) Zot
Where to? (Enter - D:1, ? - help)
Okay, then.
Your transformation is almost over.
There is an escape hatch in the ceiling here.
A mysterious force pulls you upwards. The hatch slams shut behind you.
You revert to your normal fleshy form.
The +0 pair of gloves of the Dwarven Hall {rCorr} unmelds from your body.
The +2 pair of boots of the Assassin {Detection Stab+ Stlth++} unmelds from your body.
The +9 scales of the Dragon King {rPois rF+ rC+ MR+} unmelds from your body.
You now have 249/249 hp.
There is an open door here.
There is a staircase leading out of the dungeon here.
You can't go down here!
You have escaped!

####.................###.##...
#.......#.........#...##...
###..................####...
#........#..................
#.##.###.............####...
#.##.#####...............#..
#...................#.##.#..
####.####.###.####..........
#....##.+@'.# ##....##...
#....##.###.# ##....##..
#....##.....# ####.####
#....######## ### # #....#
#....# #....# ######


There were no monsters in sight!

Vanquished Creatures
  Cerebov (Pan)
  Asmodeus (Geh:7)
  Antaeus (Coc:7)
  Gloorx Vloq (Pan)
  Ereshkigal (Tar:7)
  the Serpent of Hell (Tar:7)
  Mnoleg (Pan)
  Lom Lobon (Pan)
  13 ancient liches
  Dispater (Dis:7)
  4 orbs of fire (Zot:5)
  18 juggernauts
  Sojobo (Depths:4)
  Boris (Depths:3)
  11 greater mummies
  Vashnia (Snake:4)
  42 Killer Klowns
  12 shard shrikes
  35 pandemonium lords
  Xtahua (Vaults:5)
  Saint Roka (Snake:3)
  A curse toe (Zot:2)
  Nikola (Snake:3)
  26 golden dragons
  4 profane servitors
  7 caustic shrikes
  Geryon (Hell)
  7 pearl dragons (Zig:21)
  the Enchantress (Depths:3)
  Jory (Tomb:3)
  39 Tzitzimimeh
  24 liches
  16 bone dragons
  A hellephant (Zig:23)
  A shard shrike zombie (Crypt:1)
  25 Brimstone Fiends
  8 doom hounds
  8 electric golems
  16 iron giants
  16 Hell Sentinels
  26 Ice Fiends
  23 tentacled monstrosities
  29 Orb Guardians
  18 titans
  22 deep elf blademasters
  9 quicksilver dragons
  The ghost of Irofyll the Champion of Chaos, an adept DDGl of Makhleb (Shoals:2)
  3 krakens
  Murray (Hell)
  2 sphinxes (shapeshifter) (Zig:8)
  9 ancient champions
  28 acid blobs
  2 quicksilver dragons (shapeshifter)
  24 deep elf master archers
  9 sphinxes
  Polyphemus (Shoals:2)
  3 eldritch tentacles
  32 Executioners
  The ghost of Alter the Slayer, an adept MiFi of the Shining One (Shoals:3)
  48 tentacled starspawn
  2 shadow dragons (shapeshifter)
  7 death cobs
  The ghost of Ylylegukh the Executioner, an adept HOAK of Lugonu (Orc:2)
  10 tengu reavers
  5 thorn hunters
  17 shadow dragons
  3 fire giants (shapeshifter)
  6 draconian monks
  20 nagarajas
  18 storm dragons
  2 azure jellies (shapeshifter)
  12 fire giants
  12 iron dragons
  11 daevas
  4 revenants
  8 azure jellies
  3 frost giants (shapeshifter)
  45 orc warlords
  Roxanne (Snake:3)
  The ghost of Qielukee the Warrior, an adept GrFi of Qazlal (Snake:2)
  17 frost giants
  A ghost moth (shapeshifter) (Zig:8)
  7 draconian scorchers
  6 draconian shifters
  13 draconian knights
  7 deep elf sorcerers
  12 emperor scorpions
  14 ghouls
  23 vault wardens
  43 balrugs
  5 curse skulls
  9 warmongers
  5 juggernaut zombies
  26 ghost moths
  12 angels
  31 cacodemons
  2 caustic shrike zombies
  7 deep elf elementalists
  3 draconian stormcallers
  15 ironheart preservers
  14 war gargoyles
  2 caustic shrike skeletons (Zig:19)
  8 blood saints
  5 spriggan defenders (Depths:3)
  15 draconian annihilators
  49 stone giants
  71 reapers
  5 vampire knights
  3 bennus
  A stone giant (shapeshifter) (Zig:22)
  An elemental wellspring (Coc:6)
  3 apis (Zig:21)
  18 black draconians
  28 green draconians
  36 very ugly things
  17 entropy weavers
  13 ophanim
  A minotaur (shapeshifter) (D:15)
  4 black suns
  18 deep elf demonologists
  3 spark wasps (Zig:7)
  29 deep elf annihilators
  2 dire elephants (shapeshifter)
  14 lorocyprocas
  Azrael (D:12)
  13 red draconians
  12 corrupters
  2 minotaurs
  3 dire elephants (Zig:15)
  16 purple draconians
  2 spark wasps (shapeshifter)
  21 white draconians
  5 merfolk javelineers
  10 yellow draconians
  45 blizzard demons
  15 eidola
  20 ettins
  12 quicksilver dragon zombies
  22 green deaths
  13 deep elf death magi
  31 mummy priests
  11 death oozes
  2 spectral krakens (Tar:7)
  7 crystal guardians
  Josephine (D:12)
  10 jiangshi
  8 fire dragons
  6 monstrous demonspawn
  6 merfolk impalers
  27 great orbs of eyes
  16 yaktaur captains
  16 hell beasts
  33 hydras
  26 vault guards
  26 deep elf high priests
  4 quicksilver dragon skeletons
  5 spriggan air magi
  40 ice dragons
  Harold (D:8)
  22 naga warriors
  Erolcha (D:9)
  2 alligator snapping turtles (shapeshifter)
  4 ghost crabs
  10 rakshasas
  2 catoblepae (shapeshifter) (Zig:22)
  9 anacondas
  4 merfolk avatars
  2 juggernaut simulacra (Pan)
  5 satyrs
  3 catoblepae
  A two-headed ogre (shapeshifter) (Vaults:5)
  13 ogre magi
  7 centaur warriors
  A satyr (shapeshifter) (Depths:2)
  45 dancing weapons
  4 death knights
  5 alligators
  23 death scarabs
  33 two-headed ogres
  2 tengu warriors (Depths:3)
  4 death yaks (Shoals:2)
  6 deep troll shamans
  7 merfolk aquamancers
  8 deep troll earth magi
  13 vampire magi
  39 hell hogs
  8 shock serpents
  34 orc high priests
  8 titan zombies
  12 storm dragon zombies
  45 small abominations
  52 sun demons
  5 spriggan berserkers
  32 thrashing horrors
  Nergalle (Lair:3)
  18 naga sharpshooters
  3 shock serpents (shapeshifter)
  Sonja (Lair:4)
  7 titan skeletons
  20 iron trolls
  26 soul eaters
  25 sixfirhies
  32 deep elf knights
  37 hell knights
  43 wretched stars
  4 iron golems
  7 shadow wraiths
  12 golden dragon zombies
  A ghost moth zombie (Tar:6)
  4 death drakes
  An iron troll (shapeshifter) (Zig:14)
  11 anaconda zombies
  5 spatial maelstroms
  A sea snake (shapeshifter) (Zig:14)
  2 infernal demonspawn (Pan)
  5 salamander mystics
  94 skeletal warriors
  7 cherubim
  12 deep trolls
  A quicksilver dragon simulacrum (Coc:7)
  13 swamp dragons
  4 storm dragon skeletons
  3 spriggan druids (Zig:15)
  A death drake (shapeshifter) (Vaults:5)
  An orange crystal statue (WizLab)
  31 shadow demons
  10 glowing orange brains
  8 torturous demonspawn
  6 gelid demonspawn
  5 shambling mangroves
  10 sea snakes
  21 deep elf archers
  3 unseen horrors
  25 flayed ghosts
  15 ironbrand convokers
  A kraken simulacrum (Coc:7)
  7 naga ritualists
  16 necromancers
  14 wizards
  2 obsidian statues
  14 harpies
  6 anaconda skeletons
  6 golden dragon skeletons
  28 wolf spiders
  A lindwurm (shapeshifter) (Zig:14)
  A lindwurm (Lair:6)
  24 phantasmal warriors
  5 tengu zombies
  3 sphinx zombies
  4 shadow dragon zombies
  11 iron dragon zombies
  An iron giant skeleton (Crypt:2)
  27 orb spiders
  A sphinx skeleton (Zig:14)
  20 orc knights
  12 salamanders
  A wolf spider zombie (Crypt:3)
  8 shadow dragon skeletons
  2 frost giant zombies
  29 orc sorcerers
  A harpy (shapeshifter) (Depths:3)
  A shining eye (shapeshifter) (Zig:26)
  56 ugly things
  6 shining eyes
  15 mana vipers
  A mana viper (shapeshifter) (Zig:1)
  A stone giant zombie (Crypt:3)
  A spectral merfolk (Shoals:3)
  101 deep elf magi
  A wolf spider (shapeshifter) (Zig:14)
  8 fire giant zombies
  5 oklob plants (Zig:7)
  100 large abominations
  12 worldbinders
  A cyclops (shapeshifter) (Zig:15)
  4 dire elephant zombies
  A faun (shapeshifter) (Vaults:5)
  20 cyclopes
  21 naga magi
  20 manticores
  18 fauns
  2 moths of wrath (shapeshifter)
  44 black mambas
  59 moths of wrath
  34 rust devils
  A black mamba (shapeshifter) (Zig:22)
  28 apocalypse crabs
  10 fire giant skeletons
  An elephant (shapeshifter) (Zig:6)
  Maurice (Orc:1)
  16 guardian serpents
  21 elephants
  6 frost giant skeletons
  4 stone giant skeletons
  8 iron dragon skeletons
  13 molten gargoyles
  6 titan simulacra (Coc:7)
  8 torpor snails
  2 water nymphs (shapeshifter)
  51 smoke demons
  14 vault sentinels
  7 ice statues
  An eye of devastation (shapeshifter) (Vaults:5)
  33 orange demons
  11 merfolk sirens
  15 spiny frogs
  6 emperor scorpion zombies
  8 gargoyles
  2 water nymphs
  14 eyes of devastation
  Psyche (D:11)
  4 spriggan skeletons
  9 storm dragon simulacra
  A torpor snail (shapeshifter) (Zig:15)
  3 spectral sea snakes (Shoals:3)
  8 spectral swamp worms (Tar:7)
  A spiny frog (shapeshifter) (Vaults:5)
  8 rime drakes
  22 demonic crawlers
  71 tormentors
  48 hellions
  37 yaktaurs
  6 dire elephant skeletons
  6 komodo dragons
  3 komodo dragons (shapeshifter)
  5 anaconda simulacra (Coc:7)
  21 efreet
  A purple draconian zombie (Tar:7)
  51 ice devils
  43 guardian mummies
  3 kobold demonologists
  A catoblepas skeleton (Coc:2)
  A yaktaur (shapeshifter) (Depths:1)
  A troll (shapeshifter) (Vaults:1)
  4 harpy zombies
  22 hellwings
  17 hydra zombies
  30 freezing wraiths
  48 red devils
  4 polar bears
  32 ancient zymes
  23 jumping spiders
  38 merfolk
  13 trolls
  A silent spectre (Tar:6)
  3 elf skeletons
  2 golden dragon simulacra
  A queen bee (Lair:3)
  17 wind drakes
  A hornet (shapeshifter) (Vaults:3)
  A meliai (shapeshifter) (Vaults:2)
  A shadow dragon simulacrum (Zig:16)
  A wind drake (shapeshifter) (Zig:23)
  4 hydra skeletons
  3 harpy skeletons
  3 tyrant leeches
  22 hornets
  17 snapping turtles
  4 bog bodies
  45 raiju
  A blink frog (shapeshifter) (Zig:11)
  7 alligator zombies
  2 dream sheep (Shoals:1)
  A raiju (shapeshifter) (Zig:11)
  A fire giant simulacrum (Coc:7)
  16 hippogriffs
  2 ice dragon zombies
  5 ettin zombies
  A spectral manticore (Shoals:3)
  An iron dragon simulacrum (Tomb:1)
  2 dream sheep (shapeshifter) (Zig:14)
  2 hippogriffs (shapeshifter)
  A fire dragon zombie (Tar:7)
  37 blink frogs
  77 slime creatures
  A redback (shapeshifter) (Zig:26)
  241 starcursed masses
  6 alligator skeletons
  18 air elementals
  7 ice dragon skeletons
  23 redbacks
  3 spriggans
  118 flying skulls
  41 ynoxinuls
  18 tarantellas
  9 ushabtiu
  A tarantella (shapeshifter) (Abyss:4)
  11 wyverns
  A black mamba zombie (Dis:7)
  6 ettin skeletons
  35 water elementals
  43 wraiths
  3 black mamba skeletons
  A dire elephant simulacrum (Crypt:2)
  10 fire dragon skeletons
  5 vampires
  2 humans (shapeshifter)
  15 shadows
  7 basilisks
  28 fire elementals
  A wyvern (shapeshifter) (Zig:22)
  69 yaks
  2 hogs (shapeshifter)
  7 vampire mosquitoes
  37 chaos spawn
  12 golden eyes
  4 fire bats (Geh:3)
  35 neqoxecs
  2 hungry ghosts
  A yaktaur simulacrum (Vaults:5)
  3 spatial vortices
  6 steam dragons
  Menkaure (D:6)
  A naga (shapeshifter) (Vaults:4)
  11 wargs
  48 nagas
  A swamp worm (shapeshifter) (Depths:1)
  A harpy simulacrum (Abyss:5)
  9 acid dragons
  35 insubstantial wisps
  12 water moccasins
  A water nymph zombie (Crypt:2)
  2 soldier ants (shapeshifter)
  5 spiny frog zombies
  3 hydra simulacra
  47 hell hounds
  2 merfolk skeletons
  7 porcupines
  4 floating eyes (Pan)
  A floating eye (shapeshifter) (Zig:15)
  A water nymph skeleton (Crypt:2)
  7 swamp drakes
  Purgy (D:3)
  A deep troll skeleton (Crypt:1)
  5 spiny frog skeletons
  A hornet zombie (D:15)
  7 phantoms
  4 sky beasts
  3 swamp dragon zombies
  A manticore zombie (Dis:7)
  8 snapping turtle zombies
  An ettin simulacrum (Abyss:5)
  An ice dragon simulacrum (Coc:7)
  A merfolk simulacrum (Shoals:3)
  7 ice beasts
  107 orc warriors
  7 wolves (Lair:4)
  17 eyes of draining
  40 necrophages
  18 boggarts
  An eye of draining (shapeshifter) (Zig:26)
  44 ogres
  12 crocodiles
  2 snapping turtle skeletons
  A swamp dragon skeleton (Dis:7)
  19 centaurs
  6 elf zombies
  2 manticore skeletons
  A hippogriff zombie (Crypt:2)
  6 big kobolds (D:14)
  A big kobold (shapeshifter) (Vaults:2)
  21 bullfrogs
  A wyvern zombie (D:8)
  14 earth elementals
  A glowing shapeshifter simulacrum (Vaults:5)
  A water moccasin skeleton (D:10)
  A human simulacrum (Zig:12)
  10 wyvern skeletons
  7 scorpions
  A queen bee zombie (Crypt:2)
  32 killer bees
  A troll zombie (Geh:1)
  2 spriggan zombies
  A swamp dragon simulacrum (Coc:6)
  50 wights
  An electric eel (Lair:3)
  A troll skeleton (Coc:7)
  7 centaur zombies
  19 crimson imps
  3 hounds
  2 elf simulacra
  2 basilisk zombies
  9 jellies
  23 orc priests
  2 gnoll shamans
  A human zombie (Geh:7)
  7 quasits
  5 bullfrog skeletons
  5 centaur skeletons
  26 orc wizards
  5 iguanas
  Jessica (D:3)
  A demonspawn skeleton (Crypt:1)
  21 iron imps
  12 worker ants
  5 hell rats (Hell)
  A lightning spire (Zig:14)
  A demigod zombie (Crypt:2)
  A centaur simulacrum (Crypt:2)
  A hound skeleton (D:7)
  38 mummies
  2 worker ant zombies
  An adder (shapeshifter) (Zig:14)
  7 gnolls
  8 adders
  16 shadow imps
  20 white imps
  7 ufetubi
  6 oozes
  2 adder zombies
  4 adder skeletons
  An iguana skeleton (Crypt:1)
  2 worms
  3 ball lightnings
  A barachi skeleton (Crypt:1)
  2 dart slugs
  5 leopard geckos
  81 orcs
  9 bats
  7 giant cockroaches
  10 goblins
  6 hobgoblins
  3 jackals
  2 quokkas
  A ball python (D:2)
  A ball python zombie (Crypt:2)
  7 frilled lizards
  14 hobgoblin zombies (Ossuary)
  A jackal zombie (Ossuary)
  29 kobolds
  6 kobold zombies (Ossuary)
  2 leopard gecko skeletons
  An orc skeleton (Geh:6)
  10 orc zombies
  A quokka skeleton (D:4)
  9 rats
  2 rat zombies (Ossuary)
  A block of ice (Pan)
  13 briar patches (Zig:12)
  5 bushes
  18 crawling corpses
  13 demonic plants (WizLab)
  2 fungi
  2 lurking horrors (Abyss:3)
  17 plants
  42 starspawn tentacles
  17 tentacles
  6 withered plants (Crypt:3)
7000 creatures vanquished.

Vanquished Creatures (collateral kills)
  the Royal Jelly (Slime:5)
  5 ancient liches
  7 greater mummies
  The ghost of Jufok the Warrior, an adept OgFE of Kikubaaqudgha (Depths:5)
  5 golden dragons
  2 iron giants (Zig:20)
  2 tentacled monstrosities
  6 deep elf blademasters
  8 deep elf master archers
  A moon troll (WizLab)
  A lich (Zig:27)
  A quicksilver dragon (Zig:24)
  5 titans
  3 acid blobs
  A tentacled starspawn (WizLab)
  3 ancient champions (Tomb:3)
  8 shadow dragons
  A storm dragon (Zig:24)
  3 azure jellies
  2 nagarajas (Snake:4)
  8 fire giants
  2 deep elf sorcerers
  6 iron dragons (Zig:24)
  17 orc warlords
  Louise (Snake:3)
  A juggernaut zombie (Zig:19)
  2 vault wardens
  2 balrugs (Zig:19)
  4 frost giants
  An ironheart preserver (Vaults:3)
  A draconian annihilator (Zig:13)
  11 stone giants
  A stone giant (shapeshifter) (Zig:22)
  2 reapers (Zig:16)
  2 very ugly things
  7 bennus (Tomb:3)
  A blood saint (Zig:13)
  A yellow draconian (Depths:5)
  17 deep elf annihilators
  10 deep elf demonologists
  A minotaur (Lab)
  5 ettins
  A deep elf death mage (Elf:3)
  A crystal guardian (Zig:26)
  An eidolon (Zig:27)
  5 mummy priests
  5 fire dragons (Zig:24)
  A rakshasa (Depths:1)
  8 deep elf high priests
  2 ice dragons (Zig:24)
  A vault guard (Vaults:2)
  A centaur warrior (Vaults:1)
  4 hydras
  An anaconda (Snake:4)
  3 two-headed ogres
  4 naga warriors
  11 dancing weapons
  11 death scarabs
  A titan zombie (Coc:7)
  A deep troll shaman (Depths:3)
  4 thrashing horrors (Zig:27)
  A tengu warrior (D:14)
  A vampire mage (Zig:27)
  13 orc high priests
  4 naga sharpshooters (Snake:4)
  4 deep elf knights
  A sun demon (Zig:27)
  3 death drakes (Zig:24)
  A death drake (shapeshifter) (Vaults:3)
  5 iron trolls
  A storm dragon skeleton (Zig:19)
  A hell knight (Zig:19)
  5 glowing orange brains (WizLab)
  An unseen horror (Zig:27)
  2 golden dragon zombies (Zig:19)
  3 naga ritualists
  2 deep trolls (Depths:3)
  A deep troll (shapeshifter) (Zig:26)
  6 deep elf archers
  An ironbrand convoker (Zig:26)
  A swamp dragon (Zig:24)
  A golden dragon skeleton (Zig:19)
  4 orc knights
  3 mana vipers
  A manticore (D:11)
  A wolf spider (D:14)
  A spectral merfolk (Shoals:3)
  A tengu skeleton (Zig:19)
  3 salamanders
  3 shining eyes
  A stone giant zombie (Tomb:2)
  10 slime creatures
  3 cyclopes
  7 ugly things
  8 orc sorcerers
  20 deep elf magi
  An iron dragon skeleton (Zig:19)
  An elephant (shapeshifter) (Zig:22)
  3 black mambas
  2 moths of wrath (Zig:17)
  An apocalypse crab (Zig:22)
  5 naga magi
  An ice statue (IceCv)
  3 vault sentinels
  A smoke demon (Zig:16)
  2 orange demons (Zig:27)
  A storm dragon simulacrum (Zig:27)
  2 hellions
  An efreet (Zig:27)
  A freezing wraith (Zig:26)
  An elf zombie (Zig:19)
  4 tormentors
  A komodo dragon (Lair:6)
  6 yaktaurs
  6 red devils
  An ice devil (IceCv)
  An anaconda simulacrum (Tomb:2)
  2 ancient zymes (Zig:27)
  3 elf skeletons (Zig:19)
  3 wind drakes (Zig:24)
  A hellwing (Zig:27)
  9 guardian mummies
  A jumping spider (shapeshifter) (Zig:26)
  9 trolls
  A polar bear (shapeshifter) (Zig:22)
  A polar bear (Zig:21)
  2 raiju (Zig:27)
  A hydra skeleton (Tomb:2)
  A hippogriff (D:11)
  3 flying skulls
  A water elemental (Zig:27)
  7 large abominations
  2 wraiths
  6 yaks
  A basilisk (Lab)
  2 air elementals
  A black mamba skeleton (Tomb:3)
  5 fire elementals
  2 golden eyes (Slime:1)
  5 neqoxecs
  An ushabti (Tomb:2)
  A chaos spawn (Zig:27)
  A steam dragon (Zig:24)
  6 wargs
  A vampire mosquito (D:15)
  An elf simulacrum (Zig:27)
  22 nagas
  3 hell hounds
  2 acid dragons (Zig:24)
  A floating eye (shapeshifter) (Zig:26)
  31 orc warriors
  A porcupine (Lair:1)
  A swamp drake (Zig:24)
  7 ogres
  4 small abominations (Zig:27)
  A hornet zombie (D:15)
  6 centaurs
  2 big kobolds (D:14)
  2 crocodiles
  5 earth elementals
  A killer bee (shapeshifter) (Zig:27)
  A snapping turtle simulacrum (Shoals:3)
  4 wights (D:11)
  A howler monkey (D:11)
  5 lava snakes (Lair:6)
  3 starcursed masses (Zig:27)
  3 orc priests
  8 orc wizards
  A hound (shapeshifter) (Zig:22)
  A hound (D:14)
  A worker ant (D:11)
  10 mummies
  2 gnolls (Zig:21)
  A shadow imp (D:11)
  2 white imps (IceCv)
  2 ufetubi (IceCv)
  A worm (shapeshifter) (D:14)
  9 orcs
  A goblin (D:2)
  2 kobolds (D:14)
  6 crawling corpses
  A fungus (Lair:6)
  10 starspawn tentacles
648 creatures vanquished.

Vanquished Creatures (others)
  A caustic shrike (Zig:24)
  2 deep elf blademasters (Zig:20)
  A deep elf master archer (Elf:3)
  A tentacled starspawn (Abyss:5)
  18 eldritch tentacles
  2 draconian knights
  A balrug (Dis:7)
  An iron dragon (Zig:24)
  3 large abominations
  2 stone giants
  3 elemental wellsprings (Coc:7)
  A vampire knight (Vaults:2)
  A white draconian (Zot:4)
  A blizzard demon (Pan)
  A fire dragon (Depths:2)
  A deep elf high priest (Zig:20)
  A rakshasa (Depths:1)
  6 yaktaur captains
  An ice dragon (Coc:7)
  3 vault guards (D:13)
  A hell beast (Geh:7)
  2 centaur warriors (Vaults:1)
  3 dancing weapons
  A tengu warrior (D:14)
  17 death scarabs (Tomb:2)
  2 naga sharpshooters (Snake:4)
  2 hell hogs
  A thrashing horror (Abyss:5)
  A soul eater (Pan)
  A sun demon (Pan)
  2 iron golems (Zig:24)
  3 wretched stars
  An unseen horror (D:14)
  2 skeletal warriors
  A torturous demonspawn (Pan)
  5 deep elf archers
  3 wizards
  2 deep elf magi (Zig:27)
  A fire giant zombie (Geh:6)
  A wolf spider (Vaults:3)
  2 cyclopes (Vaults:2)
  2 moths of wrath (Zot:5)
  An ugly thing (D:14)
  A naga mage (Zig:17)
  A frost giant skeleton (Tomb:2)
  A vault sentinel (Vaults:3)
  2 smoke demons (Pan)
  An orange demon (Pan)
  25 yaktaurs
  An ancient zyme (Abyss:4)
  A red devil (Pan)
  A troll (Zig:21)
  A wind drake (D:15)
  A harpy zombie (Tomb:2)
  A slime creature (Slime:5)
  An ice dragon zombie (Geh:7)
  2 raiju
  2 air elementals
  4 flying skulls
  4 water elementals
  A fire dragon skeleton (Geh:7)
  3 wraiths (Geh:7)
  A shadow (Geh:1)
  A yak (D:13)
  A vampire (D:10)
  A neqoxec (Pan)
  4 chaos spawn
  A warg (Zig:21)
  An insubstantial wisp (Abyss:4)
  An orc warrior (Zig:2)
  A sky beast (D:11)
  A snapping turtle zombie (Geh:7)
  2 boggarts
  A small abomination (Zig:27)
  A centaur (Zig:5)
  2 earth elementals (Zig:24)
  A scorpion (D:11)
  2 wights
  An iron imp (Zig:23)
  An orc wizard (Vaults:3)
  A worker ant (D:13)
  3 mummies (Tomb:2)
  5 white imps (IceCv)
  4 ufetubi (IceCv)
  24 ball lightnings
  A leopard gecko (D:11)
  A block of ice (Pan)
  A briar patch (Zig:12)
  3 bushes
  A crawling corpse (Zig:27)
  35 fungi
  6 lurking horrors
  58 plants
  A spectral weapon (Snake:1)
  82 starspawn tentacles
  27 tentacles
  A withered plant (Crypt:3)
440 creatures vanquished.

Grand Total: 8088 creatures vanquished

Notes
Turn   | Place    | Note
-------+----------+-------------------------------------------
     0 | D:1      | Nib the Gnoll Necromancer began the quest for the Orb.
     0 | D:1      | Reached XP level 1. HP: 13/13 MP: 6/6
   226 | D:1      | Reached XP level 2. HP: 14/19 MP: 3/7
   495 | D:1      | Learned a level 1 spell: Animate Skeleton
   739 | D:1      | Reached XP level 3. HP: 25/25 MP: 9/9
   744 | D:1      | Learned a level 3 spell: Vampiric Draining
   748 | D:1      | Learned a level 3 spell: Regeneration
   952 | D:2      | Found a deep blue altar of Sif Muna.
  1106 | D:2      | Found a sacrificial altar of Ru.
  1288 | D:2      | Reached skill level 1 in Invocations
  1730 | D:2      | Reached skill level 1 in Fighting
  1730 | D:2      | Reached skill level 1 in Short Blades
  1730 | D:2      | Reached skill level 1 in Long Blades
  1730 | D:2      | Reached skill level 1 in Axes
  1730 | D:2      | Reached skill level 1 in Maces & Flails
  1730 | D:2      | Reached skill level 1 in Polearms
  1730 | D:2      | Reached skill level 1 in Staves
  1730 | D:2      | Reached skill level 1 in Slings
  1730 | D:2      | Reached skill level 1 in Bows
  1730 | D:2      | Reached skill level 1 in Crossbows
  1730 | D:2      | Reached skill level 1 in Throwing
  1730 | D:2      | Reached skill level 1 in Armour
  1730 | D:2      | Reached skill level 1 in Shields
  1730 | D:2      | Reached skill level 1 in Unarmed Combat
  1730 | D:2      | Reached skill level 1 in Evocations
  1897 | D:2      | Reached XP level 4. HP: 32/32 MP: 11/11
  1908 | D:2      | Learned a level 4 spell: Animate Dead
  2675 | D:3      | Reached skill level 1 in Conjurations
  2675 | D:3      | Reached skill level 1 in Hexes
  2675 | D:3      | Reached skill level 1 in Charms
  2675 | D:3      | Reached skill level 1 in Summonings
  2675 | D:3      | Reached skill level 1 in Translocations
  2675 | D:3      | Reached skill level 1 in Transmutations
  2675 | D:3      | Reached skill level 1 in Fire Magic
  2675 | D:3      | Reached skill level 1 in Ice Magic
  2675 | D:3      | Reached skill level 1 in Air Magic
  2675 | D:3      | Reached skill level 1 in Earth Magic
  2675 | D:3      | Reached skill level 1 in Poison Magic
  2700 | D:3      | Reached XP level 5. HP: 22/37 MP: 5/12
  2856 | D:3      | HP: 7/37 [worker ant zombie (5)]
  2880 | D:3      | Noticed Purgy
  3140 | D:3      | Killed Purgy
  3140 | D:3      | Reached XP level 6. HP: 29/44 MP: 7/13
  3311 | D:3      | Noticed Jessica
  3316 | D:3      | Killed Jessica
  3545 | D:3      | Found a shattered altar of Ashenzari.
  3545 | D:3      | Found a snail-covered altar of Cheibriados.
  3545 | D:3      | Found a glowing silver altar of Zin.
  3617 | D:3      | Became a worshipper of Cheibriados the Contemplative
  3871 | D:4      | Reached XP level 7. HP: 31/50 MP: 4/15
  3878 | D:4      | HP: 12/50 [something (1)]
  3895 | D:4      | HP: 10/50 [something/magic dart (5)]
  4263 | D:4      | Found a shattered altar of Ashenzari.
  4292 | D:4      | Reached * piety under Cheibriados
  4798 | D:5      | Entered Level 5 of the Dungeon
  4837 | D:5      | Reached skill level 3 in Invocations
  4896 | D:5      | Reached XP level 8. HP: 46/57 MP: 16/16
  4973 | D:5      | Found a glowing golden altar of the Shining One.
  5015 | D:5      | Reached skill level 3 in Fighting
  5015 | D:5      | Reached skill level 3 in Short Blades
  5015 | D:5      | Reached skill level 3 in Long Blades
  5015 | D:5      | Reached skill level 3 in Axes
  5015 | D:5      | Reached skill level 3 in Maces & Flails
  5015 | D:5      | Reached skill level 3 in Polearms
  5015 | D:5      | Reached skill level 3 in Staves
  5015 | D:5      | Reached skill level 3 in Slings
  5015 | D:5      | Reached skill level 3 in Bows
  5015 | D:5      | Reached skill level 3 in Crossbows
  5015 | D:5      | Reached skill level 3 in Throwing
  5015 | D:5      | Reached skill level 3 in Armour
  5015 | D:5      | Reached skill level 3 in Shields
  5015 | D:5      | Reached skill level 3 in Unarmed Combat
  5015 | D:5      | Reached skill level 3 in Evocations
  5147 | D:5      | Found a sand-covered staircase.
  5154 | Ossuary  | Entered an ossuary
  5172 | Ossuary  | Reached ** piety under Cheibriados
  5409 | Ossuary  | Reached skill level 6 in Spellcasting
  5427 | Ossuary  | Reached *** piety under Cheibriados
  6111 | D:6      | Learned a level 3 spell: Confuse
  6149 | D:6      | Found a shimmering altar of Xom.
  6218 | D:6      | Found a blossoming altar of Fedhas.
  6264 | D:6      | You fall through a shaft for 3 floors!
  6322 | D:9      | Noticed Erolcha
  6326 | D:9      | Killed Erolcha
  6326 | D:9      | Reached skill level 6 in Dodging
  6326 | D:9      | Reached skill level 3 in Conjurations
  6326 | D:9      | Reached skill level 3 in Hexes
  6326 | D:9      | Reached skill level 3 in Charms
  6326 | D:9      | Reached skill level 3 in Summonings
  6326 | D:9      | Reached skill level 3 in Translocations
  6326 | D:9      | Reached skill level 3 in Transmutations
  6326 | D:9      | Reached skill level 3 in Fire Magic
  6326 | D:9      | Reached skill level 3 in Ice Magic
  6326 | D:9      | Reached skill level 3 in Air Magic
  6326 | D:9      | Reached skill level 3 in Earth Magic
  6326 | D:9      | Reached skill level 3 in Poison Magic
  6326 | D:9      | Reached XP level 9. HP: 65/65 MP: 18/18
  6369 | D:9      | Found Cezoqiv's General Store.
  6380 | D:9      | Bought an uncursed amulet of magic regeneration for 360 gold pieces
  6381 | D:9      | Bought a scroll of blinking for 90 gold pieces
  6475 | D:9      | Found a flagged portal.
  6487 | Bailey   | Entered a bailey
  6501 | Bailey   | Noticed an orc knight
  6675 | Bailey   | Reached skill level 6 in Stealth
  6691 | Bailey   | Reached **** piety under Cheibriados
  6804 | Bailey   | Killed an orc knight
  6809 | Bailey   | Reached XP level 10. HP: 73/73 MP: 15/20
  7168 | D:8      | Found a transporter.
  7172 | D:8      | Found a transporter.
  7193 | D:8      | Noticed a skeletal warrior
  7255 | D:8      | Noticed Harold
  7272 | D:8      | Killed Harold
  7272 | D:8      | Reached ***** piety under Cheibriados
  7364 | D:6      | Noticed Menkaure
  7376 | D:6      | Killed Menkaure
  7376 | D:6      | Reached skill level 6 in Invocations
  7418 | D:6      | Found a hazy altar of Hepliaklqana.
  7550 | D:6      | Found a burning altar of Makhleb.
  7877 | D:6      | Got a warped leather armour
  7888 | D:6      | Identified the +1 leather armour of the Known World {+Inv rElec rCorr Str-5} (You found it on level 6 of the Dungeon)
  8049 | D:7      | Reached XP level 11. HP: 64/81 MP: 22/22
  8277 | D:7      | Found a staircase to the Ecumenical Temple.
  8714 | D:8      | Found an ancient bone altar of Kikubaaqudgha.
  8714 | D:8      | Noticed a death knight
  8716 | D:8      | Found a basalt altar of Yredelemnul.
  8921 | D:8      | Reached skill level 6 in Fighting
  8921 | D:8      | Reached skill level 6 in Short Blades
  8921 | D:8      | Reached skill level 6 in Long Blades
  8921 | D:8      | Reached skill level 6 in Axes
  8921 | D:8      | Reached skill level 6 in Maces & Flails
  8921 | D:8      | Reached skill level 6 in Polearms
  8921 | D:8      | Reached skill level 6 in Staves
  8921 | D:8      | Reached skill level 6 in Slings
  8921 | D:8      | Reached skill level 6 in Bows
  8921 | D:8      | Reached skill level 6 in Crossbows
  8921 | D:8      | Reached skill level 6 in Throwing
  8921 | D:8      | Reached skill level 6 in Armour
  8921 | D:8      | Reached skill level 6 in Shields
  8921 | D:8      | Reached skill level 6 in Unarmed Combat
  8921 | D:8      | Reached skill level 6 in Evocations
  9315 | D:9      | Pawles22: have you played Fe?
  9332 | D:9      | Nib: FeCj of Nemlex
  9332 | D:9      | Nib: yeah
  9332 | D:9      | Nib: finished a 3 rune run
  9332 | D:9      | Bought a scroll of teleportation for 36 gold pieces
  9332 | D:9      | Bought a potion of ambrosia for 96 gold pieces
  9332 | D:9      | Pawles22: so I have a questin
  9350 | D:10     | Entered Level 10 of the Dungeon
  9351 | D:10     | Pawles22: how does AC work for Fe?
  9351 | D:10     | Nib: Squishy as fuck
  9351 | D:10     | Pawles22: He has like 3 throughout the whole game?
  9351 | D:10     | Nib: let the summons do all the work
  9351 | D:10     | Nib: get a prot ring :p
  9351 | D:10     | Pawles22: nah, I'm doing no spells Fe
  9351 | D:10     | Nib: lol
  9351 | D:10     | Pawles22: I mean
  9351 | D:10     | Pawles22: I could use Nemelex
  9351 | D:10     | Pawles22: true
  9351 | D:10     | Pawles22: hmmm
  9351 | D:10     | Pawles22: this seems like a tactic
  9351 | D:10     | Pawles22: thx
  9351 | D:10     | Nib: spells and nemelex :p
  9351 | D:10     | Pawles22: gonna try nemelex and Trog
  9351 | D:10     | Nib: lets the others do their thing :p
  9351 | D:10     | Pawles22: cuz
  9351 | D:10     | Nib: or UC ?
  9351 | D:10     | Nib: i dunno
  9351 | D:10     | Pawles22: !hs * FeBe
  9351 | D:10     | beem: 18101. Yermak the Intangible (L27 FeBe of Trog), escaped with the Orb and 15 runes on 2014-03-06 06:35:38, with 20827038 points after 72133 turns and 13:24:43.
  9351 | D:10     | Nib: loal
  9351 | D:10     | Nib: 2014
  9351 | D:10     | Pawles22: 15 runes with no spells Felid
  9351 | D:10     | Pawles22: woah
  9351 | D:10     | Nib: 2014
  9351 | D:10     | Nib: old version
  9351 | D:10     | Pawles22: yeah
  9351 | D:10     | Pawles22: but still
  9351 | D:10     | Nib: you can't compare it to now
  9351 | D:10     | Pawles22: 2014
  9351 | D:10     | Pawles22: I wonder what to crawl was back then
  9351 | D:10     | Pawles22: what crawl*
  9351 | D:10     | Nib: same indeed
  9361 | D:10     | Nib: i found a whip of pain
  9361 | D:10     | Nib: on D:1 :p
  9361 | D:10     | Pawles22: nice
  9361 | D:10     | Nib: but rapier of elec is better :p
  9361 | D:10     | Pawles22: ptob
  9361 | D:10     | Pawles22: prob*
  9446 | D:10     | Reached ****** piety under Cheibriados
  9476 | D:10     | Found a staircase to the Orcish Mines.
  9896 | D:10     | Learned a level 2 spell: Song of Slaying
  9901 | D:10     | Learned a level 4 spell: Summon Lightning Spire
 10072 | D:11     | Noticed a manticore
 10080 | D:11     | Killed a manticore
 10100 | D:11     | Reached skill level 9 in Necromancy
 10157 | D:11     | Noticed a cyclops
 10176 | D:11     | Killed a cyclops
 10243 | D:11     | Noticed Psyche
 10257 | D:11     | Reached XP level 12. HP: 89/89 MP: 24/24
 10265 | D:11     | HP: 18/89 [acid (9)]
 10271 | D:11     | Killed Psyche
 10355 | D:11     | Got a spiked leather armour
 10537 | D:11     | Learned a level 2 spell: Blink
 10698 | D:11     | Found a staircase to the Lair.
 10768 | D:11     | Identified the +0 leather armour of the Guild-Master {rC++ Int+7 SInv} (You found it on level 11 of the Dungeon)
 10768 | D:11     | Pawles22: also
 10768 | D:11     | Pawles22: about Fe
 10768 | D:11     | Pawles22: how does they get RF and other stuff
 10768 | D:11     | Nib: they only can't wear boots and armour right
 10768 | D:11     | Pawles22: they just doesn't?
 10768 | D:11     | Pawles22: and hats
 10768 | D:11     | Pawles22: they can't wear anything
 10768 | D:11     | Pawles22: only amulets
 10768 | D:11     | Nib: and rings ?
 10768 | D:11     | Pawles22: and rings
 10768 | D:11     | Pawles22: ofc
 10768 | D:11     | Nib: loal
 10768 | D:11     | Nib: I dunno can't remember
 10768 | D:11     | Pawles22: I was gonna say jewellery
 10768 | D:11     | Pawles22: but said amulets
 10768 | D:11     | Nib: watch one of UV4 video's
 10768 | D:11     | Pawles22: meh
 10768 | D:11     | Pawles22: :>
 10768 | D:11     | Nib: where he is playing one
 10768 | D:11     | Pawles22: I don't watch tutorials and stuff :v
 10768 | D:11     | Nib: you could learn :D
 10768 | D:11     | Pawles22: pfffff
 10768 | D:11     | Pawles22: :D
 10768 | D:11     | Nib: https://www.youtube.com/watch?v=thBxMuPSMPA&list=PLaA1ahtMIRbMZSnYjZXXG9tvoFbmXTi1w
 10768 | D:11     | Nib: that's how I learned to do felid
 10768 | D:11     | Nib: and a few other races
 10830 | D:12     | HP: 18/89 [very large slime creature (59)]
 10831 | D:12     | HP: 7/89 [slime creature (4)]
 10832 | D:12     | p0werm0de: a,b
 10886 | D:12     | Noticed an eight-headed hydra
 11053 | Lair:1   | Entered Level 1 of the Lair of Beasts
 11075 | Lair:1   | Nib: fuck that :p
 11287 | Lair:1   | Reached skill level 6 in Conjurations
 11287 | Lair:1   | Reached skill level 6 in Hexes
 11287 | Lair:1   | Reached skill level 6 in Charms
 11287 | Lair:1   | Reached skill level 6 in Summonings
 11287 | Lair:1   | Reached skill level 6 in Translocations
 11287 | Lair:1   | Reached skill level 6 in Transmutations
 11287 | Lair:1   | Reached skill level 6 in Fire Magic
 11287 | Lair:1   | Reached skill level 6 in Ice Magic
 11287 | Lair:1   | Reached skill level 6 in Air Magic
 11287 | Lair:1   | Reached skill level 6 in Earth Magic
 11287 | Lair:1   | Reached skill level 6 in Poison Magic
 11723 | Lair:1   | Reached skill level 9 in Spellcasting
 11991 | Lair:2   | Noticed a seven-headed hydra
 12000 | Lair:2   | Killed a seven-headed hydra
 12109 | Lair:2   | Reached skill level 9 in Dodging
 12120 | Lair:2   | Reached XP level 13. HP: 39/98 MP: 17/26
 12508 | Lair:2   | p0werm0de: :P
 12521 | Lair:2   | Reached skill level 9 in Stealth
 12844 | Lair:2   | p0werm0de: you goin for zig again?
 12844 | Lair:2   | Nib: ofc
 13169 | Lair:3   | Noticed Nergalle
 13184 | Lair:3   | Killed Nergalle
 13391 | Lair:3   | Found a stormy altar of Qazlal.
 13878 | Lair:3   | Found a staircase to the Shoals.
 14559 | Lair:4   | Reached skill level 9 in Invocations
 14707 | Lair:4   | Noticed Sonja
 14710 | Lair:4   | Killed Sonja
 15098 | Lair:4   | Found a staircase to the Snake Pit.
 15313 | Lair:4   | Reached XP level 14. HP: 93/106 MP: 28/28
 15815 | Lair:5   | Found a white marble altar of Elyvilon.
 16434 | Lair:6   | Entered Level 6 of the Lair of Beasts
 16645 | Lair:6   | Reached skill level 9 in Fighting
 16645 | Lair:6   | Reached skill level 9 in Short Blades
 16645 | Lair:6   | Reached skill level 9 in Long Blades
 16645 | Lair:6   | Reached skill level 9 in Axes
 16645 | Lair:6   | Reached skill level 9 in Maces & Flails
 16645 | Lair:6   | Reached skill level 9 in Polearms
 16645 | Lair:6   | Reached skill level 9 in Staves
 16645 | Lair:6   | Reached skill level 9 in Slings
 16645 | Lair:6   | Reached skill level 9 in Bows
 16645 | Lair:6   | Reached skill level 9 in Crossbows
 16645 | Lair:6   | Reached skill level 9 in Throwing
 16645 | Lair:6   | Reached skill level 9 in Armour
 16645 | Lair:6   | Reached skill level 9 in Shields
 16645 | Lair:6   | Reached skill level 9 in Unarmed Combat
 16645 | Lair:6   | Reached skill level 9 in Evocations
 16864 | Lair:6   | Pawles22: gl
 17276 | Lair:6   | Found a staircase to the Slime Pits.
 17675 | Lair:6   | Found a large runed door.
 17678 | Lair:6   | Found a large runed door.
 18011 | D:12     | Noticed Josephine
 18014 | D:12     | Noticed Azrael
 18021 | D:12     | Killed Josephine
 18041 | D:12     | Killed Azrael
 18776 | D:12     | Reached XP level 15. HP: 114/114 MP: 29/29
 19351 | D:13     | Found a frozen archway.
 19425 | IceCv    | Entered an ice cave
 20415 | D:13     | Got a slimy battleaxe
 20416 | D:13     | Identified the +5 battleaxe "Istraext" {distort, -Tele rF+ Stlth+} (You found it on level 13 of the Dungeon)
 20987 | D:13     | Found a gate to the Vaults.
 21008 | D:13     | HP: 27/115 [vault guard/enchanted halberd (19)]
 21633 | D:14     | Found a radiant altar of Vehumet.
 21710 | D:14     | Found a labyrinth entrance.
 21722 | Lab      | Entered a labyrinth
 23592 | D:15     | Entered Level 15 of the Dungeon
 23746 | D:15     | Found a radiant altar of Vehumet.
 24079 | D:15     | Reached XP level 16. HP: 101/122 MP: 31/31
 24701 | D:15     | Reached skill level 9 in Conjurations
 24701 | D:15     | Reached skill level 9 in Hexes
 24701 | D:15     | Reached skill level 9 in Charms
 24701 | D:15     | Reached skill level 9 in Summonings
 24701 | D:15     | Reached skill level 9 in Translocations
 24701 | D:15     | Reached skill level 9 in Transmutations
 24701 | D:15     | Reached skill level 9 in Fire Magic
 24701 | D:15     | Reached skill level 9 in Ice Magic
 24701 | D:15     | Reached skill level 9 in Air Magic
 24701 | D:15     | Reached skill level 9 in Earth Magic
 24701 | D:15     | Reached skill level 9 in Poison Magic
 24767 | D:15     | Found a staircase to the Depths.
 25403 | D:15     | Got an encrusted rapier
 25407 | D:15     | Identified the +6 rapier of Qypsar {antimagic, rC++} (You found it on level 15 of the Dungeon)
 25753 | Orc:1    | Entered Level 1 of the Orcish Mines
 25921 | Orc:1    | Noticed Maurice
 25925 | Orc:1    | Killed Maurice
 26581 | Orc:1    | Got a faintly humming robe
 26592 | Orc:1    | Identified the +1 robe "Xyixaf" {MR++ Int+3} (You took it off a deep elf mage on level 1 of the Orcish Mines)
 26641 | Orc:2    | Entered Level 2 of the Orcish Mines
 26641 | Orc:2    | Found Furchi's Antique Armour Boutique.
 26672 | Orc:2    | HP: 31/124 [orc high priest/divine providence (8)]
 27262 | Orc:2    | Found Keppenam's Antique Weapon Shop.
 27391 | Orc:2    | Found Xoezuyfe's Jewellery Emporium.
 27419 | Orc:2    | Bought a +4 amulet of reflection for 378 gold pieces
 27534 | Orc:2    | Found a runed gate.
 27535 | Orc:2    | Found a runed gate.
 27536 | Orc:2    | Found a runed gate.
 27550 | Orc:2    | Noticed Ylylegukh's ghost (adept HOAK)
 27593 | Orc:2    | Found Dammer's General Store.
 27625 | Orc:2    | Bought a potion of heal wounds for 80 gold pieces
 27625 | Orc:2    | Bought a scroll of identify for 32 gold pieces
 27837 | Orc:2    | Found a staircase to the Elven Halls.
 28058 | Orc:2    | Bought a glowing large shield for 225 gold pieces
 28069 | Orc:2    | Bought a runed helmet for 225 gold pieces
 28123 | Orc:2    | Killed Ylylegukh's ghost
 28469 | D:14     | Reached skill level 12 in Spellcasting
 28775 | Snake:1  | Entered Level 1 of the Snake Pit
 28803 | Snake:1  | Reached XP level 17. HP: 128/131 MP: 33/33
 29183 | Snake:1  | Learned a level 3 spell: Spectral Weapon
 29228 | Snake:1  | Reached skill level 12 in Invocations
 29249 | Snake:1  | HP: 30/131 [naga mage/halberd (9)]
 29319 | Snake:1  | Reached skill level 12 in Dodging
 29890 | Orc:2    | Bought a shiny plate armour for 780 gold pieces
 30107 | Snake:2  | Found Gukus's Gadget Emporium.
 30129 | Snake:2  | Found Udi Mus's Book Shoppe.
 30129 | Snake:2  | Found Haru's Gadget Emporium.
 30136 | Snake:2  | Found Ihoulul's Weapon Shoppe.
 30148 | Snake:2  | Bought a book of Dreams for 1350 gold pieces
 30154 | Snake:2  | Learned a level 5 spell: Borgnjor's Vile Clutch
 30161 | Snake:2  | Learned a level 6 spell: Shadow Creatures
 30186 | Snake:2  | Found Toruzopp's Magic Scroll Emporium.
 30194 | Snake:2  | Bought a scroll of fog for 32 gold pieces
 30194 | Snake:2  | Bought a scroll of fear for 56 gold pieces
 30359 | Snake:2  | Reached skill level 12 in Stealth
 30491 | Snake:2  | HP: 25/131 [black mamba (13)]
 30744 | Snake:2  | Found a runed door.
 30752 | Snake:2  | Noticed Qielukee's ghost (adept GrFi)
 31411 | Snake:2  | Killed Qielukee's ghost
 31522 | Snake:3  | Noticed Saint Roka
 31667 | Snake:3  | Noticed Louise
 31683 | Snake:3  | Killed Louise
 31761 | Snake:3  | Noticed Nikola
 31769 | Snake:3  | Killed Nikola
 31923 | Snake:3  | Reached skill level 12 in Necromancy
 31948 | Snake:3  | HP: 28/132 [Saint Roka/divine providence (12)]
 31949 | Snake:3  | Pawles22: how's it goin'
 31949 | Snake:3  | Pawles22: captain!
 32339 | Snake:3  | Killed Saint Roka
 32339 | Snake:3  | Reached XP level 18. HP: 134/139 MP: 14/34
 32433 | Snake:3  | Noticed Roxanne
 32472 | Snake:3  | Killed Roxanne
 32769 | Snake:4  | Entered Level 4 of the Snake Pit
 33303 | Snake:4  | Noticed Vashnia
 33317 | Snake:4  | Killed Vashnia
 33339 | Snake:4  | Reached skill level 12 in Fighting
 33339 | Snake:4  | Reached skill level 12 in Short Blades
 33339 | Snake:4  | Reached skill level 12 in Long Blades
 33339 | Snake:4  | Reached skill level 12 in Axes
 33339 | Snake:4  | Reached skill level 12 in Maces & Flails
 33339 | Snake:4  | Reached skill level 12 in Polearms
 33339 | Snake:4  | Reached skill level 12 in Staves
 33339 | Snake:4  | Reached skill level 12 in Slings
 33339 | Snake:4  | Reached skill level 12 in Bows
 33339 | Snake:4  | Reached skill level 12 in Crossbows
 33339 | Snake:4  | Reached skill level 12 in Throwing
 33339 | Snake:4  | Reached skill level 12 in Armour
 33339 | Snake:4  | Reached skill level 12 in Shields
 33339 | Snake:4  | Reached skill level 12 in Unarmed Combat
 33339 | Snake:4  | Reached skill level 12 in Evocations
 33724 | Snake:4  | Learned a level 6 spell: Statue Form
 33727 | Snake:4  | Learned a level 2 spell: Passwall
 34194 | Snake:4  | Got a serpentine rune of Zot
 35150 | Elf:1    | Entered Level 1 of the Elven Halls
 36434 | Elf:2    | Reached XP level 19. HP: 147/147 MP: 28/36
 36547 | Elf:2    | Found a magical portal.
 36567 | WizLab   | Entered Lehudib's Moon Base
 36656 | WizLab   | Gained mutation: You are dopey. (Int -2) [a neqoxec]
 36659 | WizLab   | Gained mutation: Your body sometimes deteriorates upon taking damage. [a neqoxec]
 36662 | WizLab   | Gained mutation: You are very dopey. (Int -4) [a neqoxec]
 37330 | WizLab   | Gained mutation: Your magical capacity is low. (-10% MP) [a cacodemon]
 37333 | WizLab   | Gained mutation: Your magical capacity is very low. (-20% MP) [a cacodemon]
 37495 | WizLab   | Found a transporter.
 38018 | WizLab   | Lost mutation: Your magical capacity is very low. (-20% MP) [potion of mutation]
 38018 | WizLab   | Lost mutation: Your magical capacity is low. (-10% MP) [potion of mutation]
 38018 | WizLab   | Lost mutation: You are very dopey. (Int -4) [potion of mutation]
 38018 | WizLab   | Gained mutation: You tend to lose your temper in combat. [potion of mutation]
 38018 | WizLab   | Gained mutation: You are weak. (Str -2) [potion of mutation]
 38018 | WizLab   | Lost mutation: Your body sometimes deteriorates upon taking damage. [potion of mutation]
 38018 | WizLab   | Gained mutation: You have a pair of small horns on your head. [potion of mutation]
 38019 | WizLab   | Lost mutation: You are dopey. (Int -2) [potion of mutation]
 38019 | WizLab   | Lost mutation: You have a pair of small horns on your head. [potion of mutation]
 38019 | WizLab   | Gained mutation: Your flesh is cold resistant. (rC+) [potion of mutation]
 38019 | WizLab   | Gained mutation: You have a somewhat thin skeletal structure. (Dex +2, Stealth) [potion of mutation]
 38019 | WizLab   | Gained mutation: Your spells are a little harder to cast, but a little more powerful. [potion of mutation]
 38020 | WizLab   | Lost mutation: You are weak. (Str -2) [potion of mutation]
 38020 | WizLab   | Lost mutation: Your spells are a little harder to cast, but a little more powerful. [potion of mutation]
 38020 | WizLab   | Lost mutation: You tend to lose your temper in combat. [potion of mutation]
 38020 | WizLab   | Lost mutation: Your flesh is cold resistant. (rC+) [potion of mutation]
 38020 | WizLab   | Gained mutation: You have a pair of small horns on your head. [potion of mutation]
 38020 | WizLab   | Gained mutation: You possess an exceptional clarity of mind. [potion of mutation]
 38020 | WizLab   | Gained mutation: You evolve. [potion of mutation]
 38269 | WizLab   | Identified Lehudib's Reference Book on Stones and Conjuration
 38299 | WizLab   | Found a transporter.
 38314 | WizLab   | Got a warped leather armour
 38508 | Elf:2    | p0werm0de: gn011
 38785 | Elf:2    | Found a runed gate.
 38789 | Elf:2    | Found a runed gate.
 38789 | Elf:2    | Found a runed gate.
 38931 | Elf:2    | Gained mutation: Your flesh is cold resistant. (rC+) [evolution]
 39378 | Elf:2    | Reached XP level 20. HP: 129/155 MP: 16/37
 39696 | Elf:3    | Entered Level 3 of the Elven Halls
 39697 | Elf:3    | Found a portal to a secret trove of treasure.
 40357 | Elf:3    | You paid a toll of +3 fire dragon scales to enter a treasure trove
 40358 | Trove    | Entered a treasure trove
 40385 | Trove    | Got a crude mace
 40413 | Trove    | Found the ring of the Mage {Wiz MR++ Int+3}
 40415 | Trove    | Got a shimmering tin ring
 40475 | Elf:3    | Identified the +5 mace of Raudyam {speed, *Noise rN+ MR+ Stlth+} (You found it in a treasure trove)
 40476 | Elf:3    | Identified the ring of Jyub {+Blink rF+} (You found it in a treasure trove)
 40486 | Elf:3    | iamserjio: pick box T_T
 40492 | Elf:3    | iamserjio: its op
 40499 | Elf:3    | Reached XP level 21. HP: 162/162 MP: 38/38
 40535 | Elf:3    | iamserjio: same as phial tho
 40535 | Elf:3    | Nib: invent management :p
 40535 | Elf:3    | Nib: have to drop some stuff :p
 40535 | Elf:3    | iamserjio: drop wands
 40535 | Elf:3    | Nib: which
 40535 | Elf:3    | iamserjio: dis
 40536 | Elf:3    | iamserjio: ens
 40541 | Elf:3    | iamserjio: what an ugly map
 40541 | Elf:3    | Nib: have to walk the dog brb :p
 40541 | Elf:3    | iamserjio: kk
 40963 | Elf:3    | Found an ancient bone altar of Kikubaaqudgha.
 40976 | Elf:3    | Found Cefurybb's Assorted Antiques.
 40994 | Elf:3    | Bought a pair of embroidered boots for 300 gold pieces
 41004 | Elf:3    | Identified a +1 pair of boots of running (You bought it in a shop on level 3 of the Elven Halls)
 41015 | Elf:3    | Bought a cabochon ring for 200 gold pieces
 41113 | Elf:3    | HP: 31/162 [???[a deep elf demonologist] (23)]
 41119 | Elf:3    | HP: 23/162 [???[a deep elf demonologist] (17)]
 41151 | Elf:3    | Found the +9 scales of the Dragon King {rPois rF+ rC+ MR+}
 41170 | Elf:3    | HP: 39/163 [deep elf annihilator/crystal spear (70)]
 41200 | Elf:3    | Got a faintly glowing jade ring
 41203 | Elf:3    | Got a coiled jade ring
 41220 | Elf:3    | Got a flickering iron ring
 41404 | Elf:3    | Identified the ring "Pogunitura" {rC+ rN+ Int+5} (You took it off a deep elf demonologist on level 3 of the Elven Halls)
 41405 | Elf:3    | Identified the ring of Guuluh {+Inv rN+} (You found it on level 3 of the Elven Halls)
 41406 | Elf:3    | Identified the ring "Otig" {*Contam rC+ Dex+7 SInv} (You found it on level 3 of the Elven Halls)
 41408 | Elf:3    | Identified the +5 long sword of Immorality {slice, Dex+3 Stlth+} (You took it off a deep elf sorcerer on level 3 of the Elven Halls)
 41409 | Elf:3    | Identified the ring "Bisiw" {Wiz Dex+3} (You took it off a deep elf sorcerer on level 3 of the Elven Halls)
 41413 | Elf:3    | Identified the +1 great sword "Licepn" {holy, +Blink rN+ Int+3} (You found it on level 3 of the Elven Halls)
 41418 | Elf:3    | Identified the cursed +0 trident "Dosine" {flame, rC+ MR+ Dex+6} (You took it off a deep elf death mage on level 3 of the Elven Halls)
 42156 | Elf:1    | Lost mutation: You possess an exceptional clarity of mind. [evolution]
 42425 | Vaults:1 | Entered Level 1 of the Vaults
 43509 | Vaults:1 | Got an ichor-stained dagger
 43510 | Vaults:1 | Identified the +6 dagger of Asagay {drain, rF++ Str-4} (You found it on level 1 of the Vaults)
 43558 | Vaults:1 | Got a shimmering great sword
 43564 | Vaults:1 | Identified the +4 great sword of Discord {slice, rPois rF+ rC- rN+} (You found it on level 1 of the Vaults)
 43942 | Vaults:2 | Reached XP level 22. HP: 171/171 MP: 40/40
 44254 | Vaults:2 | Got a pair of steaming boots
 44265 | Vaults:2 | Identified the cursed +0 pair of boots "Jobros" {Dex+4} (You found it on level 2 of the Vaults)
 44282 | Vaults:2 | Found a staircase to the Crypt.
 45049 | Vaults:2 | Reached skill level 15 in Invocations
 45262 | Vaults:2 | Reached skill level 12 in Conjurations
 45262 | Vaults:2 | Reached skill level 12 in Hexes
 45262 | Vaults:2 | Reached skill level 12 in Charms
 45262 | Vaults:2 | Reached skill level 12 in Summonings
 45262 | Vaults:2 | Reached skill level 12 in Translocations
 45262 | Vaults:2 | Reached skill level 12 in Transmutations
 45262 | Vaults:2 | Reached skill level 12 in Fire Magic
 45262 | Vaults:2 | Reached skill level 12 in Ice Magic
 45262 | Vaults:2 | Reached skill level 12 in Air Magic
 45262 | Vaults:2 | Reached skill level 12 in Earth Magic
 45262 | Vaults:2 | Reached skill level 12 in Poison Magic
 45910 | Vaults:3 | Pawles22: Hey what's up
 45917 | Vaults:3 | Nib: Chilling
 45917 | Vaults:3 | Nib: just got home
 46222 | Vaults:3 | Nib: You ?
 46222 | Vaults:3 | Nib: http://dobrazupa.org/tournament/0.22/clans/nib.html
 46222 | Vaults:3 | Nib: It's testing the #rc files
 46687 | Vaults:3 | Pawles22: Im outside of home
 47629 | Vaults:4 | Gained mutation: You passively map a small area around you. [evolution]
 48069 | Vaults:4 | Reached XP level 23. HP: 175/175 MP: 36/41
 48077 | Vaults:4 | Reached skill level 15 in Spellcasting
 48157 | Vaults:4 | HP: 43/175 [ice dragon (8)]
 48868 | Vaults:5 | Entered Level 5 of the Vaults
 49121 | Depths:1 | Entered Level 1 of the Depths
 49151 | Depths:1 | Reached skill level 15 in Dodging
 49438 | Depths:1 | Reached skill level 15 in Stealth
 49609 | Depths:1 | Found Nagh's One-of-a-Kind Books.
 49731 | Depths:1 | Found a gateway to Hell.
 50721 | Depths:2 | HP: 44/179 [something (21)]
 51031 | Depths:2 | Lost mutation: You evolve. [evolution]
 51045 | Depths:2 | Found a gateway to a ziggurat.
 51222 | Depths:3 | Noticed the Enchantress
 51266 | Depths:3 | Killed the Enchantress
 51366 | Depths:3 | Got faerie dragon scales
 51367 | Depths:3 | Identified the +4 faerie dragon scales {rF++ rCorr SInv} (You took it off the Enchantress on level 3 of the Depths)
 51558 | Depths:3 | Reached XP level 24. HP: 187/187 MP: 42/42
 51621 | Depths:3 | Noticed Boris
 51654 | Depths:3 | Killed Boris
 51829 | Depths:3 | Reached skill level 15 in Fighting
 51829 | Depths:3 | Reached skill level 15 in Short Blades
 51829 | Depths:3 | Reached skill level 15 in Long Blades
 51829 | Depths:3 | Reached skill level 15 in Axes
 51829 | Depths:3 | Reached skill level 15 in Maces & Flails
 51829 | Depths:3 | Reached skill level 15 in Polearms
 51829 | Depths:3 | Reached skill level 15 in Staves
 51829 | Depths:3 | Reached skill level 15 in Slings
 51829 | Depths:3 | Reached skill level 15 in Bows
 51829 | Depths:3 | Reached skill level 15 in Crossbows
 51829 | Depths:3 | Reached skill level 15 in Throwing
 51829 | Depths:3 | Reached skill level 15 in Armour
 51829 | Depths:3 | Reached skill level 15 in Shields
 51829 | Depths:3 | Reached skill level 15 in Unarmed Combat
 51829 | Depths:3 | Reached skill level 15 in Evocations
 51915 | Depths:3 | Identified the +6 hand axe of Purpose {venom, rN+ MP+9 Str+5} (You found it on level 3 of the Depths)
 52261 | Depths:3 | Found a one-way gate leading to the halls of Pandemonium.
 52630 | Depths:4 | Noticed Sojobo
 52661 | Depths:4 | Killed Sojobo
 52996 | Depths:4 | Found a one-way gate to the infinite horrors of the Abyss.
 53823 | Depths:5 | Entered Level 5 of the Depths
 54248 | Depths:5 | Found Gecountost's Jewellery Shoppe.
 54249 | Depths:5 | Found Boir's Gadget Boutique.
 54250 | Depths:5 | Found Deckikua's Jewellery Shoppe.
 54261 | Depths:5 | Bought the ring of the Seven Emperors {rN+ MP+9 EV+2 Dex+4 Slay+3} for 1405 gold pieces
 54320 | Depths:5 | Found a gate to the Realm of Zot.
 54405 | Depths:5 | Reached XP level 25. HP: 195/195 MP: 43/43
 54549 | Depths:5 | Found a runed door.
 54549 | Depths:5 | Noticed Jufok's ghost (adept OgFE)
 55000 | Depths:5 | Killed Jufok's ghost
 55067 | Depths:5 | Learned a level 1 spell: Apportation
 55663 | Slime:1  | Entered Level 1 of the Pits of Slime
 55664 | Slime:1  | Nib: sup
 55764 | Slime:2  | Gained mutation: Your body sometimes deteriorates upon taking damage. [a shining eye]
 55764 | Slime:2  | Gained mutation: You are dopey. (Int -2) [a shining eye]
 55766 | Slime:2  | Lost mutation: You are dopey. (Int -2) [a shining eye]
 55791 | Slime:2  | Gained mutation: You occasionally shout uncontrollably at your foes. [a shining eye]
 55795 | Slime:2  | Gained mutation: You are robust. (+10% HP) [a shining eye]
 55977 | Slime:3  | iamserjio: can put summons betwen you and eye that mutates to not get muts
 56198 | Slime:3  | Gained mutation: You are very robust. (+20% HP) [a shining eye]
 56249 | Slime:4  | Nib: ooh
 56250 | Slime:4  | Lost mutation: You are very robust. (+20% HP) [a shining eye]
 56292 | Slime:5  | Entered Level 5 of the Pits of Slime
 56629 | Slime:5  | Reached skill level 15 in Necromancy
 56653 | Slime:5  | Noticed the Royal Jelly
 56654 | Slime:5  | Nib: ooh yeah what was my plan
 56668 | Slime:5  | iamserjio: slow and net
 56668 | Slime:5  | Killed the Royal Jelly
 56669 | Slime:5  | Nib: ooh forgot the slow
 56669 | Slime:5  | Nib: my death ooze killed it lol
 56682 | Slime:5  | iamserjio: ac
 56684 | Slime:5  | iamserjio: nvm
 56690 | Slime:5  | HP: 58/280 [azure jelly[the Royal Jelly] (13)]
 56909 | Slime:5  | iamserjio: gonna zig this time :З
 56914 | Slime:5  | Nib: me yeah prob
 57133 | Slime:5  | Found the +3 sling "Punk" {acid, rCorr}
 57134 | Slime:5  | Found the cursed +13 scythe of Curses {drain, *Curse}
 57148 | Slime:5  | Nib: acid sling cool
 57203 | Slime:5  | Got a slimy rune of Zot
 57224 | Slime:5  | Got a glittering glass ring
 57277 | Slime:5  | Identified Cacoell's Disquisition on Earth
 57310 | Slime:5  | Identified the ring "Fasum" {rC+ rN+ Str+5 Int+3} (You found it on level 5 of the Pits of Slime)
 57341 | Slime:5  | iamserjio: what for all this weapon
 57343 | Slime:5  | Nib: not many scroll of enchant found
 57343 | Slime:5  | Nib: these are just weapons i found
 57368 | Slime:5  | Got a polished morningstar
 57369 | Slime:5  | Identified the +7 morningstar of Cufitadi {venom, rElec} (You found it on level 5 of the Pits of Slime)
 57384 | Slime:5  | Nib: is the acid sling any good ?:p
 57384 | Slime:5  | iamserjio: should be
 57393 | Slime:5  | Identified the +1 hunting sling of Experimentation {velocity, *Drain rF- MP+9 Int+8 SInv} (You found it on level 5 of the Pits of Slime)
 57647 | Slime:5  | iamserjio: it become better with any hit
 57659 | Slime:5  | iamserjio: but looks like its too late for it esp on this char
 57659 | Slime:5  | Nib: too late ? :p
 57660 | Slime:5  | iamserjio: I mean can deal more dmg with spells\per turn then with sling
 57664 | Slime:5  | iamserjio: acid sling have same dmg as frustbalis
 57664 | Slime:5  | Nib: hmm ok
 58051 | Crypt:1  | Entered Level 1 of the Crypt
 58051 | Crypt:1  | iamserjio: would be cool to find it early to figure - I always find it too late ,like n tomb few times
 59032 | Crypt:2  | Reached XP level 26. HP: 224/224 MP: 43/43
 60017 | Crypt:3  | Entered Level 3 of the Crypt
 60487 | Crypt:3  | Found a staircase to the Tomb.
 60820 | Crypt:3  | Found a basalt altar of Yredelemnul.
 61005 | Crypt:3  | Got a steaming pewter ring
 61008 | Crypt:3  | Nib: weird demon blade leech
 61164 | Crypt:3  | iamserjio: sausage
 61168 | Crypt:3  | Nib: ?
 61477 | Crypt:3  | iamserjio: it look like
 61488 | Crypt:3  | Nib: ooh
 61488 | Crypt:3  | Identified the ring "Qyuvisio" {-Tele rPois MR++ Int+4} (You took it off a death knight on level 3 of the Crypt)
 62360 | Vaults:4 | iamserjio: immo scroll :>
 62369 | Vaults:4 | Learned a level 8 spell: Ignition
 62369 | Vaults:4 | Nib: yups
 62369 | Vaults:4 | iamserjio: irradiate is good spell
 62369 | Vaults:4 | iamserjio: its unresistable and undodgeable
 62375 | Vaults:4 | Learned a level 5 spell: Irradiate
 62375 | Vaults:4 | iamserjio: good finisher
 62375 | Vaults:4 | Nib: max 3 uses
 62375 | Vaults:4 | Nib: right
 62375 | Vaults:4 | iamserjio: 1-2 is enough most of the time
 62375 | Vaults:4 | iamserjio: cause contam effect
 62375 | Vaults:4 | Nib: yup
 62387 | Vaults:5 | iamserjio: have ignition?
 62394 | Vaults:5 | Noticed Xtahua
 62403 | Vaults:5 | Killed Xtahua
 62412 | Vaults:5 | Reached XP level 27. HP: 204/234 MP: 44/44
 62419 | Vaults:5 | Reached skill level 18 in Invocations
 62422 | Vaults:5 | Nib: yup
 62485 | Vaults:5 | Reached skill level 18 in Dodging
 62550 | Vaults:5 | iamserjio: k so dont even need to immo poorguards
 62556 | Vaults:5 | Nib: it saved mana
 62662 | Vaults:5 | Nib: dangerous situation :P
 62662 | Vaults:5 | Nib: so I pref to save mana to do running away :p
 62683 | Vaults:5 | iamserjio: lul on 27 xl
 62809 | Vaults:5 | iamserjio: regen mp amu is the best on chei
 62949 | Vaults:5 | Found Genogg's Gadget Boutique.
 63241 | Vaults:5 | Found Luill's Antique Armour Shop.
 63337 | Vaults:5 | Got a silver rune of Zot
 63939 | Vaults:5 | Identified the cursed +2 scimitar "Obosofud" {protect, rPois rF++ MR- Stlth+} (You found it on level 5 of the Vaults)
 64375 | Zot:1    | Entered Level 1 of the Realm of Zot
 64466 | Zot:1    | Found a transporter.
 64596 | Zot:1    | Found a transporter.
 65133 | Zot:1    | Nib: let's die :D
 65205 | Zot:1    | Got a faintly glowing platinum amulet
 65216 | Zot:1    | Got a fine golden ring
 65218 | Zot:1    | Identified the amulet "Diudolif" {Inacc -Tele rPois Str+7} (You found it on level 1 of the Realm of Zot)
 65219 | Zot:1    | Identified the ring "Sufenoma" {+Fly rF- Str+10 Int-4 SInv} (You found it on level 1 of the Realm of Zot)
 65256 | Zot:2    | Reached skill level 15 in Conjurations
 65256 | Zot:2    | Reached skill level 15 in Hexes
 65256 | Zot:2    | Reached skill level 15 in Charms
 65256 | Zot:2    | Reached skill level 15 in Summonings
 65256 | Zot:2    | Reached skill level 15 in Translocations
 65256 | Zot:2    | Reached skill level 15 in Transmutations
 65256 | Zot:2    | Reached skill level 15 in Fire Magic
 65256 | Zot:2    | Reached skill level 15 in Ice Magic
 65256 | Zot:2    | Reached skill level 15 in Air Magic
 65256 | Zot:2    | Reached skill level 15 in Earth Magic
 65256 | Zot:2    | Reached skill level 15 in Poison Magic
 65347 | Zot:2    | Reached skill level 18 in Spellcasting
 65650 | Zot:2    | Reached skill level 18 in Stealth
 65660 | Zot:2    | Identified the Handbook of Contamination and Ignition
 65776 | Zot:2    | Got a spiked large shield
 65787 | Zot:2    | Identified the +1 large shield of Forking Paths {Dex+4 Slay+5} (You took it off a black draconian on level 2 of the Realm of Zot)
 67165 | Zot:4    | Reached skill level 18 in Fighting
 67165 | Zot:4    | Reached skill level 18 in Short Blades
 67165 | Zot:4    | Reached skill level 18 in Long Blades
 67165 | Zot:4    | Reached skill level 18 in Axes
 67165 | Zot:4    | Reached skill level 18 in Maces & Flails
 67165 | Zot:4    | Reached skill level 18 in Polearms
 67165 | Zot:4    | Reached skill level 18 in Staves
 67165 | Zot:4    | Reached skill level 18 in Slings
 67165 | Zot:4    | Reached skill level 18 in Bows
 67165 | Zot:4    | Reached skill level 18 in Crossbows
 67165 | Zot:4    | Reached skill level 18 in Throwing
 67165 | Zot:4    | Reached skill level 18 in Armour
 67165 | Zot:4    | Reached skill level 18 in Shields
 67165 | Zot:4    | Reached skill level 18 in Unarmed Combat
 67165 | Zot:4    | Reached skill level 18 in Evocations
 67638 | Zot:5    | Entered Level 5 of the Realm of Zot
 67800 | Zot:5    | Noticed an ancient lich
 67808 | Zot:5    | Killed an ancient lich
 67868 | Zot:5    | Identified a scroll of acquirement
 67872 | Zot:5    | Noticed an orb of fire
 67898 | Zot:5    | Killed an orb of fire
 68016 | Zot:5    | iamserjio: antimagic works against oofs
 68016 | Zot:5    | Nib: aquire hmm
 68017 | Zot:5    | Found the +18 shield of the Gong {rElec rN+ MR+ EV-5}
 68020 | Zot:5    | Nib: gong!
 68020 | Zot:5    | beem: BOUMMMMG!
 68020 | Zot:5    | iamserjio: gong
 68020 | Zot:5    | beem: GONNNNG!
 68056 | Zot:5    | iamserjio: patong
 68056 | Zot:5    | iamserjio: gong
 68056 | Zot:5    | beem: GONNNNG!
 68056 | Zot:5    | iamserjio: gong
 68056 | Zot:5    | beem: GONNNNG!
 68056 | Zot:5    | iamserjio: gong
 68056 | Zot:5    | beem: SHROANNG!
 68215 | Zot:5    | Noticed an orb of fire
 68217 | Zot:5    | Lost mutation: You are robust. (+10% HP) [an orb of fire]
 68219 | Zot:5    | Gained mutation: Your spells are a little easier to cast, but a little less powerful. [an orb of fire]
 68228 | Zot:5    | Gained mutation: You are weak. (Str -2) [an orb of fire]
 68229 | Zot:5    | Noticed an orb of fire
 68230 | Zot:5    | Gained mutation: Your magical capacity is low. (-10% MP) [an orb of fire]
 68231 | Zot:5    | Gained mutation: Your magical capacity is very low. (-20% MP) [an orb of fire]
 68233 | Zot:5    | Killed an orb of fire
 68251 | Zot:5    | Killed an orb of fire
 68372 | Zot:5    | Reached skill level 21 in Dodging
 68427 | Zot:5    | Noticed an ancient lich
 68436 | Zot:5    | Killed an ancient lich
 68502 | Zot:5    | Noticed an orb of fire
 68506 | Zot:5    | Gained mutation: Your magical capacity is extremely low. (-30% MP) [an orb of fire]
 68515 | Zot:5    | Gained mutation: You are dopey. (Int -2) [an orb of fire]
 68518 | Zot:5    | Killed an orb of fire
 70286 | Depths:4 | Voluntarily entered the Abyss.
 70861 | Abyss:2  | Found a corrupted altar of Lugonu.
 71293 | Abyss:4  | Paralysed by accursed screaming for 1 turns
 71558 | Abyss:4  | iamserjio: in abyss 4 with gong it will endlees fight
 71558 | Abyss:4  | beem: PTOANNNG!
 71592 | Abyss:5  | Entered Level 5 of the Abyss
 71592 | Abyss:5  | Found a corrupted altar of Lugonu.
 71731 | Abyss:5  | Found a corrupted altar of Lugonu.
 71780 | Abyss:5  | Found a corrupted altar of Lugonu.
 71819 | Abyss:5  | iamserjio: north
 71880 | Abyss:5  | iamserjio: was and arc
 71881 | Abyss:5  | Nib: arc ?
 71935 | Abyss:5  | iamserjio: arch
 71935 | Abyss:5  | Nib: what does that mean
 71968 | Abyss:5  | Gained mutation: Your body often deteriorates upon taking damage. [a neqoxec]
 71985 | Abyss:5  | iamserjio: arch that points on rune vault
 71986 | Abyss:5  | Nib: whait
 71986 | Abyss:5  | Nib: wait
 71986 | Abyss:5  | Nib: there are signs
 71986 | Abyss:5  | Nib: i didn't know that
 71986 | Abyss:5  | Nib: lol
 72006 | Abyss:5  | Paralysed by accursed screaming for 1 turns
 72020 | Abyss:5  | iamserjio: same that left after zigz
 72030 | Abyss:5  | iamserjio: ziggurats
 72076 | Abyss:5  | Gained mutation: You are very dopey. (Int -4) [a neqoxec]
 72126 | Abyss:5  | Gained mutation: Armour fits poorly on your strangely shaped body. [a cacodemon]
 72163 | Abyss:5  | Paralysed by accursed screaming for 1 turns
 72166 | Abyss:5  | Paralysed by accursed screaming for 1 turns
 72166 | Abyss:5  | HP: 71/288 [sixfirhy (4)]
 72168 | Depths:4 | Escaped the Abyss
 72510 | Depths:4 | Voluntarily entered the Abyss.
 72537 | Abyss:1  | Paralysed by accursed screaming for 2 turns
 72566 | Abyss:1  | Reached skill level 21 in Invocations
 72575 | Abyss:1  | Reached skill level 18 in Necromancy
 72656 | Abyss:1  | Nib: is ALOT OF DIFFERENCE when not wearing gong :p
 72656 | Abyss:1  | beem: BOUMMMMG!
 72840 | Abyss:3  | p0werm0de: yarr
 72850 | Abyss:3  | p0werm0de: gong bed shield
 72852 | Abyss:3  | beem: PANG!
 72869 | Abyss:3  | Nib: why bed
 72872 | Abyss:3  | iamserjio: its fine on abyss 3 but not in 4-5 XD
 72974 | Abyss:3  | iamserjio: it produce noise
 72979 | Abyss:3  | Gained mutation: You tend to lose your temper in combat. [a neqoxec]
 72980 | Abyss:3  | Gained mutation: Scrolls take you a little longer to read. [a neqoxec]
 73013 | Abyss:3  | iamserjio: a very loud
 73064 | Abyss:3  | Found a corrupted altar of Lugonu.
 73253 | Abyss:3  | Paralysed by accursed screaming for 1 turns
 73375 | Abyss:3  | Got an abyssal rune of Zot
 73648 | Depths:4 | Escaped the Abyss
 73650 | Depths:4 | iamserjio: get back
 73650 | Depths:4 | Nib: for more fighting ?
 73653 | Depths:4 | iamserjio: get rid of muts
 73655 | Depths:4 | Voluntarily entered the Abyss.
 73716 | Abyss:1  | Found a hazy altar of Hepliaklqana.
 73831 | Abyss:1  | Rhok: !firestorm p0werm0de
 73834 | Abyss:1  | beem: Rhok points at p0werm0de and mumbles some strange words. A raging storm of fire appears! The great blast of fire engulfs p0werm0de!
 73834 | Abyss:1  | p0werm0de: :(
 73834 | Abyss:1  | Nib: wait
 73834 | Abyss:1  | Nib: i got a lot more muts now
 73834 | Abyss:1  | iamserjio: too late
 73834 | Abyss:1  | p0werm0de: waiting for mah weed
 73834 | Abyss:1  | Rhok: ;D
 73834 | Abyss:1  | Nib: I thought those temp muts
 73834 | Abyss:1  | Nib: where going away after some xp
 73834 | Abyss:1  | p0werm0de: !firestorm renifell
 73834 | Abyss:1  | beem: p0werm0de casts a spell at renifell. A raging storm of fire appears! The great blast of fire engulfs renifell!
 73837 | Abyss:1  | Rhok: !glaciate renifell
 73837 | Abyss:1  | beem: Rhok gestures at renifell while chanting. Rhok conjures a mighty blast of ice! The great icy blast engulfs renifell!
 73846 | Abyss:1  | Paralysed by accursed screaming for 1 turns
 73850 | Abyss:1  | iamserjio: they are but you was slow
 73855 | Abyss:1  | p0werm0de: !motto all needle renifell
 73855 | Abyss:1  | beem: ANR! A-All! N-Needle! R-Renifell! All Needle Renifell! ALL NEEDLE RENIFELL!
 73855 | Abyss:1  | Nib: i was fighting the hole time :p
 73974 | Depths:4 | Escaped the Abyss
 73976 | Depths:4 | Lost mutation: Your body often deteriorates upon taking damage. [potion of mutation]
 73976 | Depths:4 | Lost mutation: You are very dopey. (Int -4) [potion of mutation]
 73976 | Depths:4 | Lost mutation: Your magical capacity is extremely low. (-30% MP) [potion of mutation]
 73976 | Depths:4 | Lost mutation: You tend to lose your temper in combat. [potion of mutation]
 73977 | Depths:4 | Lost mutation: You are dopey. (Int -2) [potion of mutation]
 73977 | Depths:4 | Lost mutation: Your flesh is cold resistant. (rC+) [potion of mutation]
 73977 | Depths:4 | Lost mutation: Your body sometimes deteriorates upon taking damage. [potion of mutation]
 73977 | Depths:4 | Lost mutation: You are weak. (Str -2) [potion of mutation]
 73977 | Depths:4 | Lost mutation: Scrolls take you a little longer to read. [potion of mutation]
 73977 | Depths:4 | Gained mutation: You have sharp fingernails. [potion of mutation]
 73978 | Depths:4 | Lost mutation: Your spells are a little easier to cast, but a little less powerful. [potion of mutation]
 73978 | Depths:4 | Lost mutation: You have a pair of small horns on your head. [potion of mutation]
 73978 | Depths:4 | Gained mutation: You are weak. (Str -2) [potion of mutation]
 73978 | Depths:4 | Gained mutation: You evolve. [potion of mutation]
 73979 | Depths:4 | Lost mutation: You evolve. [potion of mutation]
 73979 | Depths:4 | Lost mutation: Your magical capacity is very low. (-20% MP) [potion of mutation]
 73979 | Depths:4 | Gained mutation: You are surrounded by a mild repulsion field. (EV +2) [potion of mutation]
 73979 | Depths:4 | Gained mutation: Your system is resistant to poisons. (rPois) [potion of mutation]
 73980 | Depths:4 | Lost mutation: You are weak. (Str -2) [potion of mutation]
 73980 | Depths:4 | Lost mutation: You occasionally shout uncontrollably at your foes. [potion of mutation]
 73980 | Depths:4 | Gained mutation: You have a pair of small antennae on your head. [potion of mutation]
 73980 | Depths:4 | Gained mutation: You have large cloven feet. [potion of mutation]
 73981 | Depths:4 | Nib: lol
 73981 | Depths:4 | Nib: the one i want away
 73981 | Depths:4 | Nib: doesn't go away
 73981 | Depths:4 | Rhok: these muts are not so bad
 73982 | Depths:4 | iamserjio: ^
 73982 | Depths:4 | Nib: soo gong is bad ?
 73982 | Depths:4 | beem: PANG!
 73982 | Depths:4 | Rhok: gong what
 73982 | Depths:4 | beem: GONNNNG!
 73982 | Depths:4 | iamserjio: gong?
 73982 | Depths:4 | beem: GONNNNG!
 73982 | Depths:4 | Rhok: stop the gong
 73982 | Depths:4 | beem: PANG!
 73982 | Depths:4 | Nib: the shield of gong
 73982 | Depths:4 | beem: PANG!
 73984 | Depths:4 | iamserjio: one more gong and IM OUT!!
 73984 | Depths:4 | beem: BOUMMMMG!
 73986 | Depths:4 | iamserjio: slay +5 is better than gong
 73986 | Depths:4 | beem: PTOANNNG!
 73986 | Depths:4 | Rhok: I'm gonna gong you hard
 73986 | Depths:4 | beem: SHROANNG!
 73988 | Depths:4 | Nib: wait whut
 73988 | Depths:4 | Nib: forgot to do shoals
 73988 | Depths:4 | Nib: loal
 74321 | Shoals:1 | Entered Level 1 of the Shoals
 74437 | Shoals:1 | Found Adiunoet's Armour Boutique.
 74492 | Shoals:1 | Found Opleben's General Store.
 74519 | Shoals:1 | Bought a scroll of teleportation for 45 gold pieces
 74519 | Shoals:1 | Bought a sack of spiders for 300 gold pieces
 74519 | Shoals:1 | Bought a scroll of fog for 30 gold pieces
 74519 | Shoals:1 | Bought a scroll of identify for 30 gold pieces
 74519 | Shoals:1 | Bought a scroll of identify for 30 gold pieces
 74633 | Shoals:1 | Found Ohepreus's Gadget Boutique.
 74732 | Shoals:1 | Found Offixtent's General Store.
 74747 | Shoals:1 | Bought a potion of magic for 80 gold pieces
 74747 | Shoals:1 | Bought a phial of floods for 400 gold pieces
 74747 | Shoals:1 | Bought a ration for 50 gold pieces
 75123 | Shoals:2 | Noticed Polyphemus
 75134 | Shoals:2 | Killed Polyphemus
 75194 | Shoals:2 | Found a runed gate.
 75194 | Shoals:2 | Found a runed gate.
 75194 | Shoals:2 | Found a runed gate.
 75196 | Shoals:2 | Noticed Irofyll's ghost (adept DDGl)
 75475 | Shoals:2 | Killed Irofyll's ghost
 75496 | Shoals:2 | Learned a level 6 spell: Deflect Missiles
 75927 | Shoals:3 | Found a runed gate.
 75927 | Shoals:3 | Found a runed gate.
 75927 | Shoals:3 | Found a runed gate.
 75930 | Shoals:3 | Noticed Alter's ghost (adept MiFi)
 76291 | Shoals:3 | Killed Alter's ghost
 76326 | Shoals:4 | Entered Level 4 of the Shoals
 76326 | Shoals:4 | Found Qeazierph's Antique Weapon Shoppe.
 76339 | Shoals:4 | Nib: i like this arbalest of damnation
 76339 | Shoals:4 | Bought a runed broad axe for 182 gold pieces
 76454 | Shoals:4 | Identified the +3 mace of Turmoil {antimagic, Int+2} (You found it on level 4 of the Shoals)
 76853 | Shoals:4 | Got a barnacled rune of Zot
 77331 | Shoals:1 | Bought a scroll of amnesia for 52 gold pieces
 77336 | Shoals:1 | Learned a level 3 spell: Lesser Beckoning
 77619 | Hell     | Entered the Vestibule of Hell
 77619 | Hell     | Noticed Geryon
 77647 | Hell     | Killed Geryon
 77700 | Hell     | Found a gateway to the Iron City of Dis.
 77719 | Hell     | Noticed Murray
 77728 | Hell     | Killed Murray
 77793 | Hell     | Found a gateway to the freezing wastes of Cocytus.
 77880 | Hell     | Found a gateway to the decaying netherworld of Tartarus.
 77955 | Hell     | Found a gateway to the ashen valley of Gehenna.
 78294 | Geh:1    | Entered Level 1 of Gehenna
 78336 | Geh:1    | HP: 38/226 [??? (28)]
 78587 | Geh:1    | Reached skill level 24 in Dodging
 78809 | Geh:3    | You fall through a shaft!
 79086 | Geh:6    | Reached skill level 21 in Spellcasting
 79108 | Geh:6    | HP: 58/289 [hellion/damnation (22)]
 79414 | Geh:7    | Entered Level 7 of Gehenna
 79527 | Geh:7    | Reached skill level 21 in Stealth
 79582 | Geh:7    | Reached skill level 18 in Conjurations
 79582 | Geh:7    | Reached skill level 18 in Hexes
 79582 | Geh:7    | Reached skill level 18 in Charms
 79582 | Geh:7    | Reached skill level 18 in Summonings
 79582 | Geh:7    | Reached skill level 18 in Translocations
 79582 | Geh:7    | Reached skill level 18 in Transmutations
 79582 | Geh:7    | Reached skill level 18 in Fire Magic
 79582 | Geh:7    | Reached skill level 18 in Ice Magic
 79582 | Geh:7    | Reached skill level 18 in Air Magic
 79582 | Geh:7    | Reached skill level 18 in Earth Magic
 79582 | Geh:7    | Reached skill level 18 in Poison Magic
 79734 | Geh:7    | Noticed Asmodeus
 79747 | Geh:7    | Killed Asmodeus
 79807 | Geh:7    | Got an obsidian rune of Zot
 80157 | Geh:7    | Reached skill level 21 in Fighting
 80157 | Geh:7    | Reached skill level 21 in Short Blades
 80157 | Geh:7    | Reached skill level 21 in Long Blades
 80157 | Geh:7    | Reached skill level 21 in Axes
 80157 | Geh:7    | Reached skill level 21 in Maces & Flails
 80157 | Geh:7    | Reached skill level 21 in Polearms
 80157 | Geh:7    | Reached skill level 21 in Staves
 80157 | Geh:7    | Reached skill level 21 in Slings
 80157 | Geh:7    | Reached skill level 21 in Bows
 80157 | Geh:7    | Reached skill level 21 in Crossbows
 80157 | Geh:7    | Reached skill level 21 in Throwing
 80157 | Geh:7    | Reached skill level 21 in Armour
 80157 | Geh:7    | Reached skill level 21 in Shields
 80157 | Geh:7    | Reached skill level 21 in Unarmed Combat
 80157 | Geh:7    | Reached skill level 21 in Evocations
 80557 | Hell     | p0werm0de: meh
 80557 | Hell     | Nib: meh ?
 80557 | Hell     | p0werm0de: i put my icecream in fridge, but not the very cold one
 80557 | Hell     | p0werm0de: so it melted
 80557 | Hell     | Nib: lol
 80557 | Hell     | Nib: stoned? :p
 80557 | Hell     | p0werm0de: hope it will refreeze
 80557 | Hell     | p0werm0de: ye a bit only
 80577 | Coc:1    | Entered Level 1 of Cocytus
 80709 | Coc:2    | You fall through a shaft!
 81571 | Coc:7    | Entered Level 7 of Cocytus
 81755 | Coc:7    | Noticed Antaeus
 81855 | Coc:7    | HP: 53/297 [something (36)]
 81930 | Coc:7    | HP: 74/343 [quicksilver dragon simulacrum[the effects of Hell] (28)]
 81935 | Coc:7    | HP: 56/343 [reaper/scythe of freezing[the effects of Hell] (25)]
 82035 | Coc:7    | Identified the Grimoire of Aid
 82334 | Coc:7    | Nib: forgot to change to rc
 82334 | Coc:7    | Nib: lol :D
 82341 | Coc:7    | iamserjio: holy weap is more dmg
 82347 | Coc:7    | Killed Antaeus
 82348 | Coc:7    | Nib: damn
 82350 | Coc:7    | Got a vibrating tin ring
 82351 | Coc:7    | Got an ancient morningstar {flame}
 82352 | Coc:7    | Identified the +7 morningstar of Nefeism {flame, rPois rF+} (You took it off Antaeus on level 7 of Cocytus)
 82361 | Coc:7    | Identified the ring of the Lumpy Songs {Fire Str+4} (You took it off Antaeus on level 7 of Cocytus)
 82362 | Coc:7    | iamserjio: anteus was prepared got some rf and rp
 82363 | Coc:7    | Nib: :p
 82367 | Coc:7    | Identified the Volume of Lucky Execration
 82388 | Coc:7    | Got an icy rune of Zot
 82399 | Coc:7    | iamserjio: poor lord havent rp
 82498 | Coc:7    | iamserjio: mb get lesser beckon
 82501 | Coc:7    | Nib: i got it
 82521 | Coc:7    | Nib: use it for those dangerous enemies
 82578 | Tar:1    | Entered Level 1 of Tartarus
 83305 | Tar:7    | Entered Level 7 of Tartarus
 83661 | Tar:7    | Gained mutation: You are clumsy. (Dex -2) [a neqoxec]
 83681 | Tar:7    | Lost mutation: Your magical capacity is low. (-10% MP) [mutagenic glow]
 83698 | Tar:7    | Gained mutation: You are dopey. (Int -2) [mutagenic glow]
 83711 | Tar:7    | Gained mutation: You are very clumsy. (Dex -4) [mutagenic glow]
 83800 | Tar:7    | Learned a level 7 spell: Malign Gateway
 83807 | Tar:7    | Identified the +10 rapier of Uscheteng {elec, rF+ rC+} (You found it on level 7 of Tartarus)
 83863 | Tar:7    | Noticed the Serpent of Hell
 83868 | Tar:7    | Killed the Serpent of Hell
 83892 | Tar:7    | Noticed Ereshkigal
 84164 | Tar:7    | Identified Sif Muna's Papyrus of Flight and the Snowflakes
 84172 | Tar:7    | Identified the +8 mace of Sieraica {crush, rC+ Dex+2} (You found it on level 7 of Tartarus)
 84567 | Tar:7    | Nib: hmm anti magic or holy for eresh
 84583 | Tar:7    | p0werm0de: watcha doin
 84583 | Tar:7    | p0werm0de: :P
 84583 | Tar:7    | Nib: ooh
 84583 | Tar:7    | Nib: anti magic or holy for eresh?
 84583 | Tar:7    | Nib: i have no idea what i'm doing
 84583 | Tar:7    | p0werm0de: i would use holy first
 84583 | Tar:7    | p0werm0de: for max dmg
 84584 | Tar:7    | Nib: will i be alright? I think so right
 84598 | Tar:7    | Killed Ereshkigal
 84599 | Tar:7    | Nib: rofl
 84599 | Tar:7    | Nib: wtf was that
 84624 | Tar:7    | Got a bone rune of Zot
 84634 | Tar:7    | Identified the Handbook of Bewitching Feathers
 84722 | Hell     | Nib: hmm zig now ?
 84756 | Hell     | p0werm0de: told ya go demonspawn
 84756 | Hell     | Nib: nah
 84756 | Hell     | Nib: wanted to gnoll
 84756 | Hell     | p0werm0de: with gnoll of chei you will 100% die at some point when doing multiple zigs
 84756 | Hell     | Nib: i want to do 2
 84756 | Hell     | p0werm0de: yea ok that might work
 84756 | Hell     | Nib: aah don't have cblink
 84756 | Hell     | p0werm0de: if you dont get a panlord floor lvl 27 again
 84756 | Hell     | p0werm0de: or fire floor
 84759 | Hell     | Nib: hmm mayb pan first
 84759 | Hell     | Nib: orso
 84759 | Hell     | Nib: is tomb hard now hmm
 84759 | Hell     | iamserjio: do zig before
 84759 | Hell     | iamserjio: cause you always can die in it :З
 84759 | Hell     | Nib: but need cblink
 84759 | Hell     | iamserjio: no need
 84936 | Depths:1 | iamserjio: 8 scrolls
 84937 | Depths:1 | iamserjio: will get more
 84938 | Depths:1 | iamserjio: and scrolls havent misscast
 84938 | Depths:1 | Nib: Ok zig it is
 85005 | Zig:1    | Entered Level 1 of a ziggurat
 85025 | Zig:2    | Entered Level 2 of a ziggurat
 85052 | Zig:3    | Entered Level 3 of a ziggurat
 85067 | Zig:3    | Reached skill level 24 in Invocations
 85084 | Zig:3    | Got a heavily runed ivory ring
 85093 | Zig:4    | Entered Level 4 of a ziggurat
 85137 | Zig:4    | Identified the ring of the Lizard {MR+ Stlth+} (You found it on level 3 of a ziggurat)
 85138 | Zig:4    | Identified the +6 war axe of Fear {chop, rF+ Dex+3} (You found it on level 4 of a ziggurat)
 85142 | Zig:5    | Entered Level 5 of a ziggurat
 85164 | Zig:5    | Identified Sif Muna's Incunabulum of Changing
 85167 | Zig:5    | Got a crude iron ring
 85172 | Zig:5    | Identified the ring "Ovuipt" {rF+ Stlth-} (You found it on level 5 of a ziggurat)
 85175 | Zig:6    | Entered Level 6 of a ziggurat
 85218 | Zig:6    | Got a faintly glowing bone ring
 85225 | Zig:6    | Identified the ring "Remihoc" {Fire MR- Str+4 Dex+3} (You found it on level 6 of a ziggurat)
 85226 | Zig:6    | iamserjio: javelins of penetration is good in zig tho
 85228 | Zig:6    | iamserjio: to kill silencers
 85229 | Zig:7    | Entered Level 7 of a ziggurat
 85293 | Zig:7    | Nib: ups
 85293 | Zig:7    | Nib: that was wrong button
 85295 | Zig:8    | Entered Level 8 of a ziggurat
 85341 | Zig:8    | Identified the Incunabulum of Poisoning and Arcane Weapons
 85360 | Zig:9    | Entered Level 9 of a ziggurat
 85362 | Zig:9    | Noticed Caowalla the pandemonium lord
 85372 | Zig:9    | Killed Caowalla the pandemonium lord
 85392 | Zig:9    | Found the +6 Majin-Bo {vamp, Archmagi MP+6 Int+6}
 85394 | Zig:9    | Found the +12 glaive of Prune {chop}
 85413 | Zig:9    | Identified the Disquisition on the Lethal Snowflakes
 85449 | Zig:9    | Identified the -5 cloak of Wuzizotz {rC+ Slay+2} (You acquired it on level 9 of a ziggurat)
 85450 | Zig:9    | Nib: -5 cloak for 2 slay hmm
 85450 | Zig:9    | iamserjio: nonono
 85460 | Zig:10   | Entered Level 10 of a ziggurat
 85467 | Zig:10   | Noticed Riuneolo the pandemonium lord
 85468 | Zig:10   | Found the +9 sword of Zonguldrok {reap}
 85473 | Zig:10   | Killed Riuneolo the pandemonium lord
 85473 | Zig:10   | Reached skill level 27 in Dodging
 85796 | Zig:11   | Entered Level 11 of a ziggurat
 85830 | Zig:11   | Noticed a juggernaut
 85830 | Zig:11   | Noticed a juggernaut
 85840 | Zig:11   | Killed a juggernaut
 85848 | Zig:11   | Killed a juggernaut
 85905 | Zig:11   | Identified the ring of the Philosopher {+Fly rPois Str+4} (You found it on level 11 of a ziggurat)
 85913 | Zig:12   | Entered Level 12 of a ziggurat
 86023 | Zig:12   | Identified the Catalogue of Icy Boosts
 86042 | Zig:13   | Entered Level 13 of a ziggurat
 86061 | Zig:13   | Noticed an ancient lich
 86065 | Zig:13   | Noticed an ancient lich
 86070 | Zig:13   | Killed an ancient lich
 86077 | Zig:13   | Killed an ancient lich
 86099 | Zig:13   | Found the +4 arc blade {discharge, rElec}
 86149 | Zig:13   | Got an ancient marble ring
 86168 | Zig:13   | Identified the ring "Fenu" {rC+ rN+ Dex+3 SInv Stlth-} (You found it on level 13 of a ziggurat)
 86173 | Zig:14   | Entered Level 14 of a ziggurat
 86178 | Zig:14   | Noticed a greater mummy
 86184 | Zig:14   | Killed a greater mummy
 86195 | Zig:14   | Noticed a greater mummy
 86195 | Zig:14   | Noticed a greater mummy
 86200 | Zig:14   | Killed a greater mummy
 86200 | Zig:14   | Killed a greater mummy
 86200 | Zig:14   | Noticed a greater mummy
 86208 | Zig:14   | Killed a greater mummy
 86336 | Zig:14   | Identified the ring of Renwog {rElec rC+ rN+} (You found it on level 14 of a ziggurat)
 86339 | Zig:14   | Identified the ring "Simpig" {rPois MP+9 Int+3 Dex+4 Slay+3} (You found it on level 14 of a ziggurat)
 86349 | Zig:14   | p0werm0de: pr0 advertising for your game :P
 86349 | Zig:14   | Nib: i saw :p
 86359 | Zig:15   | Entered Level 15 of a ziggurat
 86390 | Zig:15   | biasface: caustic shrikes,my favorite lair enemy
 86463 | Zig:15   | Nib: lair
 86463 | Zig:15   | Nib: lol
 86463 | Zig:15   | Nib: i normally see them in Depths
 86479 | Zig:16   | Entered Level 16 of a ziggurat
 86545 | Zig:16   | Reached skill level 21 in Necromancy
 86574 | Zig:16   | Found the +8 longbow "Zephyr" {speed, Dex+3 SInv}
 86626 | Zig:16   | Identified the amulet of Finnomyo {Faith rF- Str+7} (You found it on level 16 of a ziggurat)
 86636 | Zig:16   | wojtek: drop band weapon?
 86637 | Zig:16   | wojtek: and get the manual?
 86637 | Zig:16   | Nib: hmmm
 86637 | Zig:16   | Nib: mayb
 86647 | Zig:17   | Entered Level 17 of a ziggurat
 86680 | Zig:17   | Reached skill level 24 in Long Blades
 86782 | Zig:17   | Identified the Reference Book on Helpful Fire
 86786 | Zig:17   | Identified Sif Muna's Handbook of Necromancy and the Oath
 86816 | Zig:17   | p0werm0de: id randart broadaxe!!
 86816 | Zig:17   | Got a vibrating bone ring
 86818 | Zig:17   | Identified the ring of Ruqumeg {+Fly MR- Dex+3 Stlth+} (You found it on level 17 of a ziggurat)
 86821 | Zig:17   | p0werm0de: vamp one can be useful, or holy
 86821 | Zig:17   | p0werm0de: or elec good one
 86823 | Zig:17   | Nib: i got elec
 86823 | Zig:17   | Nib: at Hell
 86827 | Zig:17   | Got a crystal broad axe
 86828 | Zig:17   | Identified the +6 broad axe "Kefiy" {flame, SInv} (You found it on level 17 of a ziggurat)
 86832 | Zig:17   | p0werm0de: vamp broadaxe def good tool for zigging
 86832 | Zig:17   | p0werm0de: esp if your god offers no healing
 86840 | Zig:17   | Nib: never used Death's door or Necromutation or Borgnjor's
 86849 | Zig:17   | Learned a level 8 spell: Controlled Blink
 86852 | Zig:18   | Entered Level 18 of a ziggurat
 86857 | Zig:18   | p0werm0de: def worth using in zigs
 86870 | Zig:18   | p0werm0de: statue form isnt very good here, neither chei
 86871 | Zig:18   | p0werm0de: not being able to haste is a drawback
 86872 | Zig:18   | Nib: ooh
 86872 | Zig:18   | Nib: hmm
 86872 | Zig:18   | p0werm0de: toldya
 86878 | Zig:18   | p0werm0de: demonspawn of makhleb or gozag :P
 86897 | Zig:18   | p0werm0de: or even a vehumet firestormer with necromut is better than this chei dude
 86914 | Zig:18   | p0werm0de: for deep zigging
 87045 | Zig:18   | Nib: but i like chei
 87045 | Zig:18   | p0werm0de: hes only good for turncount runs
 87086 | Zig:18   | p0werm0de: its true, sadly
 87093 | Zig:18   | Identified Sif Muna's Collected Works on Black Rites and Malediction
 87114 | Zig:18   | p0werm0de: gozag demonspawn with powered by death has been the most effective by far
 87114 | Zig:18   | Nib: i will try that one next
 87114 | Zig:18   | Nib: for zig
 87114 | Zig:18   | p0werm0de: you can haste every floor, gold distraction makes enemies freeze, and powered by death keeps you at full hp
 87114 | Zig:18   | Nib: when i go rekt here
 87114 | Zig:18   | p0werm0de: kk
 87118 | Zig:19   | Entered Level 19 of a ziggurat
 87134 | Zig:19   | p0werm0de: go invis if you can
 87134 | Zig:19   | p0werm0de: or ignition yea
 87148 | Zig:19   | p0werm0de: k small floor
 87213 | Zig:19   | Identified the Collected Works on Scorching Transformation
 87252 | Zig:19   | Got an ancient lapis lazuli ring
 87254 | Zig:19   | Identified the ring "Xiri Orph" {MP+9 Stlth-} (You found it on level 19 of a ziggurat)
 87265 | Zig:20   | Entered Level 20 of a ziggurat
 87283 | Zig:20   | wojtek: is this the 1st Zig this run?
 87284 | Zig:20   | Found the +9 staff of Olgreb {rPois}
 87313 | Zig:20   | Nib: yeah
 87313 | Zig:20   | wojtek: last run was death on the 27th floor of the 2nd Zig if I understood
 87315 | Zig:20   | Nib: correct
 87335 | Zig:20   | wojtek: English me grammar no much
 87335 | Zig:20   | Nib: by my full inventory pickup ziggurat mistake
 87374 | Zig:20   | Identified Eshramami's Primer on Sorcery
 87397 | Zig:20   | wojtek: ;-)
 87449 | Zig:20   | Got a brightly glowing hat
 87455 | Zig:20   | Identified the +0 hat of the Dungeon {rCorr Str+4} (You acquired it on level 20 of a ziggurat)
 87471 | Zig:21   | Entered Level 21 of a ziggurat
 87482 | Zig:21   | Nib: smiting eek
 87482 | Zig:21   | p0werm0de: oops
 87482 | Zig:21   | p0werm0de: this will be dangerous
 87482 | Zig:21   | Nib: yup
 87482 | Zig:21   | p0werm0de: well maybe not with ignition
 87482 | Zig:21   | p0werm0de: but you can get a lot of dmg from smites and breaths
 87482 | Zig:21   | Nib: cblink and ignite ? :p
 87482 | Zig:21   | p0werm0de: i would prob cblink diagonally to limit incoming dmg a bit
 87482 | Zig:21   | p0werm0de: but lvl shouldnt be all that huge
 87482 | Zig:21   | p0werm0de: like next to one of those walls
 87482 | Zig:21   | Nib: yeah
 87483 | Zig:21   | Nib: meh spread out
 87486 | Zig:21   | Nib: ups wrong button
 87491 | Zig:21   | Reached skill level 21 in Transmutations
 87495 | Zig:21   | Reached skill level 24 in Spellcasting
 87496 | Zig:21   | HP: 73/308 [pearl dragon] (22)]
 87500 | Zig:21   | p0werm0de: tornado?
 87512 | Zig:21   | p0werm0de: kk
 87523 | Zig:21   | Nib: no tornado
 87523 | Zig:21   | Nib: i have yet
 87580 | Zig:21   | Nib: do i want pearl dragon scales ?
 87629 | Zig:21   | p0werm0de: dunno :P
 87637 | Zig:21   | Reached skill level 24 in Stealth
 87643 | Zig:21   | Identified Konaosm's Collected Works on the Frostbite
 87681 | Zig:21   | Identified the amulet "Zuigrak" {Faith rN+ Str+5 SInv} (You found it on level 21 of a ziggurat)
 87694 | Zig:21   | wojtek: what's your armour now?
 87713 | Zig:21   | Got a pair of bloodstained gloves
 87719 | Zig:21   | Identified the +0 pair of gloves of the Dwarven Hall {rCorr} (You acquired it on level 21 of a ziggurat)
 87725 | Zig:21   | Got a pair of heavily runed gloves
 87731 | Zig:21   | Identified the +1 pair of gloves "Lyfutt" {rPois Int+2 Stlth-} (You acquired it on level 21 of a ziggurat)
 87752 | Zig:22   | Entered Level 22 of a ziggurat
 87768 | Zig:22   | biasface: pds is plate with less EC
 87925 | Zig:22   | Found the +2 pair of boots of the Assassin {Detection Stab+ Stlth++}
 87978 | Zig:22   | Identified Wymekkymo's Almanac of Igneous Conjuration
 87988 | Zig:22   | Identified the Papyrus of the Mountains and the Frostbite
 88039 | Zig:22   | Nib: ow yeah nice boots of ass
 88049 | Zig:22   | Identified the cursed +1 triple sword of Pilohuno {antimagic, Str+6} (You found it on level 22 of a ziggurat)
 88084 | Zig:23   | Entered Level 23 of a ziggurat
 88093 | Zig:23   | Nib: Do hell sentinel damnation when you stand next to a reaper for example?
 88109 | Zig:23   | HP: 64/308 [reaper/vampiric scythe (28)]
 88129 | Zig:23   | HP: 68/308 [skeletal warrior/enchanted glaive (13)]
 88342 | Zig:23   | Found the +2 shield of Resistance {rF+ rC+ MR+}
 88387 | Zig:23   | Identified the Reference Book on Confrontation
 88403 | Zig:23   | Identified the Reference Book on Bewitchment and Enhancements
 88429 | Zig:23   | Reached skill level 24 in Fighting
 88429 | Zig:23   | Reached skill level 24 in Short Blades
 88429 | Zig:23   | Reached skill level 24 in Axes
 88429 | Zig:23   | Reached skill level 24 in Maces & Flails
 88429 | Zig:23   | Reached skill level 24 in Polearms
 88429 | Zig:23   | Reached skill level 24 in Staves
 88429 | Zig:23   | Reached skill level 24 in Slings
 88429 | Zig:23   | Reached skill level 24 in Bows
 88429 | Zig:23   | Reached skill level 24 in Crossbows
 88429 | Zig:23   | Reached skill level 24 in Throwing
 88429 | Zig:23   | Reached skill level 24 in Armour
 88429 | Zig:23   | Reached skill level 24 in Shields
 88429 | Zig:23   | Reached skill level 24 in Unarmed Combat
 88429 | Zig:23   | Reached skill level 24 in Evocations
 88436 | Zig:23   | Got a slimy granite ring
 88437 | Zig:23   | Identified the ring "Duqiug Amode" {Ice +Fly MP+9 Dex+4} (You found it on level 23 of a ziggurat)
 88463 | Zig:24   | Entered Level 24 of a ziggurat
 88486 | Zig:24   | Reached skill level 21 in Conjurations
 88486 | Zig:24   | Reached skill level 21 in Hexes
 88486 | Zig:24   | Reached skill level 21 in Charms
 88486 | Zig:24   | Reached skill level 21 in Summonings
 88486 | Zig:24   | Reached skill level 21 in Translocations
 88486 | Zig:24   | Reached skill level 21 in Fire Magic
 88486 | Zig:24   | Reached skill level 21 in Ice Magic
 88486 | Zig:24   | Reached skill level 21 in Air Magic
 88486 | Zig:24   | Reached skill level 21 in Earth Magic
 88486 | Zig:24   | Reached skill level 21 in Poison Magic
 88585 | Zig:24   | Found the ring of the Octopus King
 88632 | Zig:24   | Identified the Volume of Ghastly Confrontation
 88658 | Zig:24   | Got a fine steel ring
 88659 | Zig:24   | Identified the ring "Hyle" {*Tele *Drain Str+5} (You found it on level 24 of a ziggurat)
 88663 | Zig:24   | Got a ring of the Octopus King
 88679 | Zig:25   | Entered Level 25 of a ziggurat
 88692 | Zig:25   | Noticed a juggernaut
 88694 | Zig:25   | Noticed a juggernaut
 88699 | Zig:25   | Noticed a juggernaut
 88700 | Zig:25   | Killed a juggernaut
 88701 | Zig:25   | Noticed a juggernaut
 88704 | Zig:25   | Killed a juggernaut
 88704 | Zig:25   | Noticed a juggernaut
 88706 | Zig:25   | Noticed a juggernaut
 88707 | Zig:25   | Noticed a juggernaut
 88709 | Zig:25   | Killed a juggernaut
 88710 | Zig:25   | Killed a juggernaut
 88710 | Zig:25   | Killed a juggernaut
 88711 | Zig:25   | Killed a juggernaut
 88713 | Zig:25   | Killed a juggernaut
 88732 | Zig:25   | Noticed a juggernaut
 88745 | Zig:25   | Killed a juggernaut
 88940 | Zig:25   | Got a fine marble ring
 88941 | Zig:25   | Identified the ring "Qogyghek" {*Tele rN++ Str+3} (You found it on level 25 of a ziggurat)
 88954 | Zig:26   | Entered Level 26 of a ziggurat
 88964 | Zig:26   | Noticed Qiroma the pandemonium lord
 88983 | Zig:26   | HP: 70/312 [??? (14)]
 88990 | Zig:26   | Identified the Papyrus of Contamination
 88993 | Zig:26   | wojtek: quaff potion of undo last move
 88993 | Zig:26   | Nib: why
 88993 | Zig:26   | wojtek: nah, j/k
 88993 | Zig:26   | wojtek: but it'd make a cool potion
 88993 | Zig:26   | wojtek: and it'd make great combos with scrolls of acquirement
 88993 | Zig:26   | Upgraded the game from 0.22-b1-26-g9dbaab1 to 0.22-b1-59-g0aedee7
 88994 | Zig:26   | HP: 74/312 [Hell Sentinel/damnation (28)]
 88997 | Zig:26   | Pawles22: at least I'm still alive
 88997 | Zig:26   | Nib: I didn't saw
 88997 | Zig:26   | Pawles22: yeah I know
 88997 | Zig:26   | Pawles22: but again needed to quaff HW
 88998 | Zig:26   | Pawles22: cuz still have only **
 88998 | Zig:26   | Pawles22: and can't draw out power
 88999 | Zig:26   | Nib: I need to summon stuff
 88999 | Zig:26   | Nib: dunno which ones are good
 88999 | Zig:26   | Pawles22: what do you want to summon?
 88999 | Zig:26   | Nib: i need saving :p
 88999 | Zig:26   | Nib: boxes sacks any good ?
 88999 | Zig:26   | Pawles22: well
 88999 | Zig:26   | Pawles22: box prob won't help much
 88999 | Zig:26   | Pawles22: I dunno really
 88999 | Zig:26   | Pawles22: I mean
 88999 | Zig:26   | Pawles22: well stuff from box is strong
 88999 | Zig:26   | Nib: cblink away
 88999 | Zig:26   | Nib: just leave the floor
 88999 | Zig:26   | Nib: mayb yeah
 89004 | Zig:27   | Entered Level 27 of a ziggurat
 89010 | Zig:27   | Gained mutation: Scrolls take you a little longer to read. [mutagenic glow]
 89038 | Zig:27   | Lost mutation: Scrolls take you a little longer to read. [mutagenic glow]
 89076 | Zig:27   | Paralysed by accursed screaming for 2 turns
 89080 | Zig:27   | Paralysed by accursed screaming for 2 turns
 89087 | Zig:27   | Gained mutation: You are weak. (Str -2) [a cacodemon]
 89088 | Zig:27   | HP: 58/240 [smoke demon/divine providence (8)]
 89096 | Zig:27   | HP: 60/240 [starcursed mass/accursed screaming (6)]
 89102 | Zig:27   | HP: 42/249 [starcursed mass/accursed screaming (7)]
 89111 | Zig:27   | Gained mutation: You are very weak. (Str -4) [a neqoxec]
 89151 | Zig:27   | Pawles22: gl
 89182 | Zig:27   | Gained mutation: Your magical capacity is extremely low. (-30% MP) [a neqoxec]
 89353 | Zig:27   | Got a warped garnet amulet
 89366 | Zig:27   | Identified Dispater's Volume of the Entourage
 89368 | Zig:27   | Identified the Tome of the Venomous Volcanoes
 89370 | Zig:27   | Identified Sif Muna's Handbook of Dusty Slavery
 89384 | Zig:27   | Identified the amulet "Pokehes" {Acrobat rC+ rN+} (You found it on level 27 of a ziggurat)
 89405 | Zig:27   | Identified the +8 lajatang of the Ass {venom, rPois} (You found it on level 27 of a ziggurat)
 90094 | Dis:1    | Entered Level 1 of the Iron City of Dis
 90168 | Dis:4    | You fall through a shaft for 2 floors!
 90185 | Dis:7    | Entered Level 7 of the Iron City of Dis
 90661 | Dis:7    | Got a sparkling tin ring
 90680 | Dis:7    | Got a shimmering broad axe {freeze}
 90681 | Dis:7    | Identified the cursed +2 broad axe "Hixzes" {freeze, *Corrode rN++ Int+4} (You took it off a skeletal warrior on level 7 of the Iron City of Dis)
 90682 | Dis:7    | Identified the ring "Wuifiats" {+Fly Dex+3} (You took it off a skeletal warrior on level 7 of the Iron City of Dis)
 90715 | Dis:7    | Lost mutation: Armour fits poorly on your strangely shaped body. [a cacodemon]
 90879 | Dis:7    | Noticed Dispater
 90891 | Dis:7    | Killed Dispater
 90891 | Dis:7    | Reached skill level 27 in Long Blades
 90915 | Dis:7    | Got an iron rune of Zot
 90919 | Dis:7    | Identified Efra's Almanac of the Traveller and Boosts
 91357 | Elf:3    | Bought a potion of magic for 320 gold pieces
 91357 | Elf:3    | Bought a scroll of enchant weapon for 300 gold pieces
 91664 | Snake:2  | Bought a scroll of identify for 32 gold pieces
 91664 | Snake:2  | Bought a scroll of identify for 32 gold pieces
 91664 | Snake:2  | Bought a scroll of teleportation for 48 gold pieces
 91664 | Snake:2  | Bought a scroll of immolation for 56 gold pieces
 92079 | Depths:5 | Bought a wand of acid (8) for 624 gold pieces
 92079 | Depths:5 | Bought a sack of spiders for 520 gold pieces
 92497 | Snake:2  | Bought a wand of acid (5) for 324 gold pieces
 92497 | Snake:2  | Bought a wand of acid (7) for 396 gold pieces
 92501 | Snake:2  | Bought a wand of acid (10) for 448 gold pieces
 92501 | Snake:2  | Bought a wand of digging (8) for 384 gold pieces
 92507 | Snake:2  | Bought Subufi Fyn's Further Steps in Spellweaving for 1468 gold pieces
 92802 | D:4      | Learned a level 8 spell: Infestation
 93089 | Zig:1    | Entered Level 1 of a ziggurat
 93121 | Zig:2    | Entered Level 2 of a ziggurat
 93162 | Zig:3    | Entered Level 3 of a ziggurat
 93209 | Zig:3    | Identified the +3 trident "Xikidud" {pierce, Str+4 Stlth+} (You found it on level 3 of a ziggurat)
 93214 | Zig:4    | Entered Level 4 of a ziggurat
 93266 | Zig:5    | Entered Level 5 of a ziggurat
 93299 | Zig:5    | Identified Wehom's Almanac of Stones and the Glacier
 93319 | Zig:6    | Entered Level 6 of a ziggurat
 93389 | Zig:6    | Got an ancient garnet amulet
 93399 | Zig:7    | Entered Level 7 of a ziggurat
 93440 | Zig:7    | Found the +7 Singing Sword
 93464 | Zig:7    | Identified the amulet of Buaz {Reflect rC+ Int+4 SH+3} (You found it on level 6 of a ziggurat)
 93470 | Zig:8    | Entered Level 8 of a ziggurat
 93483 | Zig:8    | Noticed Tikhuhio the pandemonium lord
 93502 | Zig:8    | Killed Tikhuhio the pandemonium lord
 93533 | Zig:8    | Identified the Disquisition on Flames
 93553 | Zig:8    | Identified the cursed +0 pair of gloves of Cirhicioto {+Inv MR+} (You found it on level 8 of a ziggurat)
 93562 | Zig:9    | Entered Level 9 of a ziggurat
 93587 | Zig:9    | Found the ring of the Octopus King
 93598 | Zig:9    | Got a ring of the Octopus King
 93617 | Zig:9    | Identified a ring of the Octopus King {rC+ AC+1 EV+1 Str+1 Int+1 Dex+1} (You found it on level 9 of a ziggurat)
 93618 | Zig:9    | Identified the +3 rapier "Gumo" {holy, rElec Str+4} (You found it on level 9 of a ziggurat)
 93624 | Zig:10   | Entered Level 10 of a ziggurat
 93694 | Zig:10   | Reached skill level 27 in Invocations
 93703 | Zig:11   | Entered Level 11 of a ziggurat
 93758 | Zig:11   | Got a coiled turquoise ring
 93806 | Zig:11   | Identified the ring "Deong" {rF+ Dex+4} (You found it on level 11 of a ziggurat)
 93812 | Zig:12   | Entered Level 12 of a ziggurat
 93902 | Zig:12   | Identified the +8 battleaxe "Dragonbane" {chop, MR+ Dex+4 SInv} (You found it on level 12 of a ziggurat)
 93908 | Zig:13   | Entered Level 13 of a ziggurat
 93921 | Zig:13   | Noticed an ancient lich
 93929 | Zig:13   | Noticed an ancient lich
 93931 | Zig:13   | Killed an ancient lich
 93937 | Zig:13   | Killed an ancient lich
 93997 | Zig:13   | Got a twisted rapier
 93998 | Zig:13   | Identified the +9 rapier of Fucsey {freeze, rElec Int+3 Dex+2} (You found it on level 13 of a ziggurat)
 94010 | Zig:13   | Got a smoking morningstar
 94012 | Zig:13   | Identified the +8 morningstar of the Ship {holy, Fragile +Fly rN+} (You found it on level 13 of a ziggurat)
 94023 | Zig:14   | Entered Level 14 of a ziggurat
 94035 | Zig:14   | Noticed Coted the pandemonium lord
 94041 | Zig:14   | Noticed Liabbib the pandemonium lord
 94041 | Zig:14   | Noticed Ledikub the pandemonium lord
 94045 | Zig:14   | Noticed Honkico the pandemonium lord
 94057 | Zig:14   | Killed Ledikub the pandemonium lord
 94062 | Zig:14   | Reached skill level 24 in Transmutations
 94067 | Zig:14   | Killed Liabbib the pandemonium lord
 94067 | Zig:14   | Killed Honkico the pandemonium lord
 94068 | Zig:14   | Killed Coted the pandemonium lord
 94219 | Zig:14   | Found the ring of Robustness {AC+8}
 94235 | Zig:14   | Identified Iraskits's Catalogue of Stolen Souls and Aid
 94272 | Zig:14   | Identified the amulet "Waeck" {+Rage MR+} (You found it on level 14 of a ziggurat)
 94294 | Zig:15   | Entered Level 15 of a ziggurat
 94308 | Zig:15   | Noticed Cupann the pandemonium lord
 94309 | Zig:15   | Noticed Butsis the pandemonium lord
 94309 | Zig:15   | Noticed Iziemos the pandemonium lord
 94309 | Zig:15   | Noticed Zuebbot the pandemonium lord
 94309 | Zig:15   | Noticed Bomoogah the pandemonium lord
 94310 | Zig:15   | Found the +8 Wrath of Trog {antimagic, *Rage}
 94311 | Zig:15   | Killed Cupann the pandemonium lord
 94312 | Zig:15   | Killed Butsis the pandemonium lord
 94313 | Zig:15   | Killed Bomoogah the pandemonium lord
 94317 | Zig:15   | Killed Zuebbot the pandemonium lord
 94325 | Zig:15   | Killed Iziemos the pandemonium lord
 94391 | Zig:15   | Identified the +7 plate armour of the Lily {rElec rC- rN+ Int+4} (You found it on level 15 of a ziggurat)
 94399 | Zig:16   | Entered Level 16 of a ziggurat
 94419 | Zig:16   | Noticed Xeossop the pandemonium lord
 94424 | Zig:16   | Killed Xeossop the pandemonium lord
 94527 | Zig:16   | Nib: ello
 94532 | Zig:16   | iamserjio: 0/
 94599 | Zig:16   | iamserjio: is that second zig?
 94599 | Zig:16   | Nib: yup
 94604 | Zig:17   | Entered Level 17 of a ziggurat
 94619 | Zig:17   | Noticed a juggernaut
 94629 | Zig:17   | iamserjio: have firestorm?
 94629 | Zig:17   | Nib: nope
 94629 | Zig:17   | Nib: ignite yes
 94632 | Zig:17   | Killed a juggernaut
 94640 | Zig:17   | iamserjio: firestorm is good on some floors cause close LOS for mobs with damnation attacks
 94676 | Zig:17   | Found the +7 captain's cutlass {speed, disarm}
 94696 | Zig:17   | Identified Ytesepijo's Collected Works on Flamy Calling
 94767 | Zig:18   | Entered Level 18 of a ziggurat
 94777 | Zig:18   | Noticed a juggernaut
 94788 | Zig:18   | Reached skill level 27 in Armour
 94790 | Zig:18   | Killed a juggernaut
 94792 | Zig:18   | Noticed a juggernaut
 94800 | Zig:18   | Killed a juggernaut
 94952 | Zig:18   | Identified the -5 buckler of the Thirteen Allies {rElec rPois Int+2} (You found it on level 18 of a ziggurat)
 95010 | Zig:18   | Nib: oo i can learn tornado
 95010 | Zig:18   | Nib: let me unlearn something
 95010 | Zig:18   | iamserjio: revivification is good save spell
 95011 | Zig:18   | Nib: ok
 95011 | Zig:18   | Nib: Will pick that one than
 95011 | Zig:18   | iamserjio: full hp restore
 95020 | Zig:18   | Learned a level 8 spell: Borgnjor's Revivification
 95028 | Zig:19   | Entered Level 19 of a ziggurat
 95046 | Zig:19   | iamserjio: just use infest
 95047 | Zig:19   | Nib: need more enemies
 95047 | Zig:19   | Nib: for that
 95050 | Zig:19   | iamserjio: tentacle is to weak compare to it
 95051 | Zig:19   | Reached skill level 27 in Axes
 95051 | Zig:19   | HP: 74/318 [??? (15)]
 95053 | Zig:19   | iamserjio: infest work out of los tho
 95054 | Zig:19   | Nib: well this is rip
 95054 | Zig:19   | iamserjio: blink and fog
 95054 | Zig:19   | Nib: borg first?
 95054 | Zig:19   | iamserjio: no
 95054 | Zig:19   | iamserjio: blink with scroll
 95054 | Zig:19   | Nib: where too
 95054 | Zig:19   | iamserjio: left up
 95054 | Zig:19   | iamserjio: yeah
 95055 | Zig:19   | iamserjio: fog
 95056 | Zig:19   | iamserjio: hw?
 95056 | Zig:19   | Nib: 1 :d
 95056 | Zig:19   | Nib: revive not good ?
 95056 | Zig:19   | iamserjio: no
 95056 | Zig:19   | Nib: ok
 95056 | Zig:19   | iamserjio: cause torments
 95056 | Zig:19   | iamserjio: can wait with it
 95057 | Zig:19   | iamserjio: quaff invis
 95058 | Zig:19   | iamserjio: infest
 95058 | Zig:19   | Nib: do I need to mark enemies with infest ?
 95058 | Zig:19   | Nib: like this ?
 95058 | Zig:19   | iamserjio: right down
 95058 | Zig:19   | iamserjio: more
 95058 | Zig:19   | iamserjio: yes
 95060 | Zig:19   | iamserjio: bvc
 95064 | Zig:19   | iamserjio: infes
 95065 | Zig:19   | iamserjio: again
 95066 | Zig:19   | iamserjio: and say them tg
 95066 | Zig:19   | iamserjio: guard
 95066 | Zig:19   | Nib: tg ?
 95066 | Zig:19   | iamserjio: t
 95066 | Zig:19   | iamserjio: g
 95067 | Zig:19   | iamserjio: bvc
 95068 | Zig:19   | iamserjio: wait
 95068 | Zig:19   | iamserjio: kk
 95068 | Zig:19   | iamserjio: ign
 95069 | Zig:19   | iamserjio: see tormentors cant see invis
 95069 | Zig:19   | Nib: i know those
 95069 | Zig:19   | Nib: :p
 95069 | Zig:19   | Nib: thats the thing i know
 95069 | Zig:19   | iamserjio: nedd mana
 95069 | Zig:19   | iamserjio: wait
 95069 | Zig:19   | iamserjio: noo
 95069 | Zig:19   | Nib: ambrosia ?
 95069 | Zig:19   | iamserjio: oh yes
 95069 | Zig:19   | Nib: got magic
 95069 | Zig:19   | Nib: but ambrosia is useful
 95069 | Zig:19   | iamserjio: quaff amb
 95070 | Zig:19   | iamserjio: its good yeah
 95072 | Zig:19   | iamserjio: and then do more bugs
 95073 | Zig:19   | Nib: with infest i have to target enemies right ?
 95073 | Zig:19   | iamserjio: yes
 95077 | Zig:19   | iamserjio: as I said infest works out of los
 95084 | Zig:19   | Nib: yeah
 95084 | Zig:19   | iamserjio: purple dots
 95084 | Zig:19   | Nib: you need to know where the enemies are
 95101 | Zig:19   | Found the +8 mithril axe "Arga" {speed, MR+}
 95102 | Zig:19   | Found the +2 Maxwell's thermic engine {flame, freeze}
 95103 | Zig:19   | iamserjio: yeah but its kinda obvious
 95116 | Zig:19   | Nib: ofc
 95131 | Zig:19   | Got a translucent crystal amulet
 95147 | Zig:19   | iamserjio: you wouldnt get in that situation
 95147 | Zig:19   | Nib: they removed the -rc -rf
 95147 | Zig:19   | iamserjio: if used fog earlier
 95147 | Zig:19   | Nib: from maxwell
 95147 | Zig:19   | Nib: ok
 95152 | Zig:19   | Got a shimmering glass ring
 95160 | Zig:19   | Identified the Guide on Shifting Black Rituals
 95184 | Zig:19   | Identified the amulet "Gasaimo" {Inacc rC+ Int-5 Dex+5 Stlth+} (You found it on level 19 of a ziggurat)
 95185 | Zig:19   | Identified the ring "Laqahops" {+Fly Int+3 SInv} (You found it on level 19 of a ziggurat)
 95197 | Zig:20   | Entered Level 20 of a ziggurat
 95219 | Zig:20   | iamserjio: should use staffs tho
 95219 | Zig:20   | Nib: How do I use them
 95219 | Zig:20   | Nib: like staff of energy for mana ?
 95219 | Zig:20   | Nib: or staff of power for more mana ?
 95219 | Zig:20   | iamserjio: yes or just power for mana
 95219 | Zig:20   | Nib: staff of fire for more powerful ignite ?
 95219 | Zig:20   | iamserjio: this also
 95219 | Zig:20   | Nib: this is what i know :p
 95222 | Zig:20   | Noticed a juggernaut
 95223 | Zig:20   | iamserjio: weapon switch is pretty fast
 95230 | Zig:20   | Noticed a juggernaut
 95231 | Zig:20   | iamserjio: deal with that ones who stay cloe
 95231 | Zig:20   | iamserjio: at first
 95231 | Zig:20   | iamserjio: ign
 95232 | Zig:20   | iamserjio: bvc was bad here
 95233 | Zig:20   | Noticed a juggernaut
 95235 | Zig:20   | Killed a juggernaut
 95236 | Zig:20   | Noticed a juggernaut
 95238 | Zig:20   | Killed a juggernaut
 95238 | Zig:20   | Killed a juggernaut
 95240 | Zig:20   | Nib: i need to switch weapon to axe :p
 95240 | Zig:20   | iamserjio: yeah can blink in corner
 95240 | Zig:20   | iamserjio: so only 3 can hit at time
 95240 | Zig:20   | iamserjio: blink with scrolls
 95243 | Zig:20   | Killed a juggernaut
 95249 | Zig:20   | iamserjio: infest
 95267 | Zig:20   | iamserjio: 4-5 is good enough to infest
 95444 | Zig:20   | Identified the Incunabulum of Captivating Intoxication
 95514 | Zig:20   | Nib: crystal ball of energy ?
 95517 | Zig:20   | iamserjio: dunno
 95517 | Zig:20   | iamserjio: it can confuse you
 95517 | Zig:20   | Nib: got enough pots of cure
 95521 | Zig:21   | Entered Level 21 of a ziggurat
 95524 | Zig:21   | iamserjio: yeah but its two wasted turns
 95531 | Zig:21   | iamserjio: its kinda a lot
 95532 | Zig:21   | Nib: I want to malign here
 95532 | Zig:21   | iamserjio: whatever its orcs
 95541 | Zig:21   | Noticed a juggernaut
 95547 | Zig:21   | Killed a juggernaut
 95566 | Zig:21   | iamserjio: have necromutation in libarary?
 95567 | Zig:21   | Nib: yeah
 95600 | Zig:21   | Nib: need some scrolls of unlearning first :p
 95693 | Zig:21   | Got a smoking pewter amulet
 95735 | Zig:21   | Nib: haven't used irradiate even one time :p
 95740 | Zig:22   | Entered Level 22 of a ziggurat
 95769 | Zig:22   | Noticed Gutuwim the pandemonium lord
 95769 | Zig:22   | Noticed Zusistif the pandemonium lord
 95769 | Zig:22   | Noticed Umulun the pandemonium lord
 95770 | Zig:22   | Nib: oke panlords
 95770 | Zig:22   | Nib: might contain silencers
 95770 | Zig:22   | iamserjio: corner like last one
 95771 | Zig:22   | iamserjio: and fog
 95772 | Zig:22   | Nib: what about silence ?:p
 95772 | Zig:22   | Nib: well i got blink ring
 95773 | Zig:22   | iamserjio: refresh sf after they show
 95773 | Zig:22   | iamserjio: and quaffs some pots
 95773 | Zig:22   | Nib: now wait ? :p
 95773 | Zig:22   | Nib: and infest on sight ?
 95773 | Zig:22   | iamserjio: yep
 95775 | Zig:22   | iamserjio: maybe refresfh fog also later
 95775 | Zig:22   | iamserjio: holy blade
 95776 | Zig:22   | iamserjio: bvc
 95779 | Zig:22   | Killed Gutuwim the pandemonium lord
 95781 | Zig:22   | Nib: can i refresh fog when fog is still active ?
 95781 | Zig:22   | iamserjio: I mean when it ends
 95781 | Zig:22   | Nib: ok
 95781 | Zig:22   | Noticed Sushiciv the pandemonium lord
 95782 | Zig:22   | iamserjio: so only 8 can see you
 95782 | Zig:22   | iamserjio: right
 95782 | Zig:22   | iamserjio: yeah
 95783 | Zig:22   | Noticed Natzu the pandemonium lord
 95784 | Zig:22   | iamserjio: bvc
 95785 | Zig:22   | Killed Sushiciv the pandemonium lord
 95786 | Zig:22   | iamserjio: chop
 95788 | Zig:22   | Noticed Itecatik the pandemonium lord
 95789 | Zig:22   | Killed Natzu the pandemonium lord
 95790 | Zig:22   | iamserjio: bvc-chop is good 1vs1
 95790 | Zig:22   | iamserjio: can wait with fog
 95795 | Zig:22   | Noticed Puesmucs the pandemonium lord
 95795 | Zig:22   | Noticed Botuist the pandemonium lord
 95796 | Zig:22   | iamserjio: bvc
 95797 | Zig:22   | Noticed Aheoph the pandemonium lord
 95799 | Zig:22   | iamserjio: when they constricted its easier to hit
 95802 | Zig:22   | Killed Zusistif the pandemonium lord
 95803 | Zig:22   | Noticed Qimenib the pandemonium lord
 95804 | Zig:22   | Nib: torment one
 95804 | Zig:22   | Noticed Qaliahar the pandemonium lord
 95806 | Zig:22   | Nib: that hurts :p
 95806 | Zig:22   | iamserjio: should read fog earlier
 95806 | Zig:22   | iamserjio: and quaff haste
 95806 | Zig:22   | Nib: chei :p
 95806 | Zig:22   | iamserjio: oh Im dumb
 95806 | Zig:22   | Noticed Ruusoust the pandemonium lord
 95807 | Zig:22   | Nib: wand of cloud ? :p
 95807 | Zig:22   | iamserjio: ok
 95808 | Zig:22   | Killed Aheoph the pandemonium lord
 95809 | Zig:22   | Killed Itecatik the pandemonium lord
 95809 | Zig:22   | Killed Puesmucs the pandemonium lord
 95810 | Zig:22   | Killed Qimenib the pandemonium lord
 95810 | Zig:22   | Noticed Puril the pandemonium lord
 95811 | Zig:22   | iamserjio: ign
 95811 | Zig:22   | Killed Qaliahar the pandemonium lord
 95812 | Zig:22   | iamserjio: kill tormentor
 95812 | Zig:22   | Nib: already dead
 95812 | Zig:22   | Killed Botuist the pandemonium lord
 95813 | Zig:22   | iamserjio: bvc
 95814 | Zig:22   | iamserjio: k
 95814 | Zig:22   | Killed Ruusoust the pandemonium lord
 95824 | Zig:22   | Killed Puril the pandemonium lord
 95831 | Zig:22   | Noticed Hunguuf the pandemonium lord
 95842 | Zig:22   | Killed Hunguuf the pandemonium lord
 95842 | Zig:22   | Reached skill level 27 in Spellcasting
 95846 | Zig:22   | Noticed Gausch the pandemonium lord
 95846 | Zig:22   | iamserjio: bvc is good when they close and you gonna hit them with sword
 95847 | Zig:22   | Killed Umulun the pandemonium lord
 95852 | Zig:22   | iamserjio: its not that great on distance
 95862 | Zig:22   | Reached skill level 24 in Necromancy
 95870 | Zig:22   | Killed Gausch the pandemonium lord
 95872 | Zig:22   | Reached skill level 27 in Stealth
 95954 | Zig:22   | Nib: yeah
 95954 | Zig:22   | iamserjio: and on low hp be sure you always have enough for revivification
 96024 | Zig:22   | iamserjio: show muts
 96030 | Zig:22   | Nib: still same
 96030 | Zig:22   | iamserjio: how many pots
 96030 | Zig:22   | Nib: 23
 96030 | Zig:22   | iamserjio: lul roll some good
 96030 | Zig:22   | Nib: quaf some ?
 96030 | Zig:22   | iamserjio: yeah
 96030 | Zig:22   | Lost mutation: Your magical capacity is low. (-10% MP) [potion of mutation]
 96030 | Zig:22   | Lost mutation: Your system is resistant to poisons. (rPois) [potion of mutation]
 96030 | Zig:22   | Lost mutation: You are very clumsy. (Dex -4) [potion of mutation]
 96030 | Zig:22   | Lost mutation: You have a pair of small antennae on your head. [potion of mutation]
 96030 | Zig:22   | Lost mutation: You are very weak. (Str -4) [potion of mutation]
 96030 | Zig:22   | Gained mutation: You have a pair of small horns on your head. [potion of mutation]
 96031 | Zig:22   | Nib: again ?
 96031 | Zig:22   | iamserjio: robust or mana or clarity
 96031 | Zig:22   | Lost mutation: You have a pair of small horns on your head. [potion of mutation]
 96031 | Zig:22   | Lost mutation: You are weak. (Str -2) [potion of mutation]
 96031 | Zig:22   | Lost mutation: You have sharp fingernails. [potion of mutation]
 96031 | Zig:22   | Lost mutation: You are dopey. (Int -2) [potion of mutation]
 96031 | Zig:22   | Gained mutation: You are robust. (+10% HP) [potion of mutation]
 96032 | Zig:22   | Nib: this is fine now right
 96032 | Zig:22   | iamserjio: yep
 96086 | Zig:22   | iamserjio: when I did 11 zigs I have like 80 pots of muts
 96091 | Zig:22   | Nib: cool
 96093 | Zig:22   | Got a pair of slimy boots
 96097 | Zig:22   | Got a transparent iron ring
 96098 | Zig:22   | iamserjio: rolled robust 3 and clarity from 20 or so
 96099 | Zig:22   | Identified the ring of the Sparrow {rC++ Str+4 Stlth-} (You found it on level 22 of a ziggurat)
 96108 | Zig:22   | iamserjio: and for ext dont need many 10 is enough
 96111 | Zig:22   | Got a steaming granite ring
 96114 | Zig:22   | Identified the ring "Hyciaq" {*Corrode rF+ Int+4} (You found it on level 22 of a ziggurat)
 96129 | Zig:22   | Got a shimmering golden amulet
 96141 | Zig:22   | Identified the amulet "Hyaj" {Spirit Dex+7} (You found it on level 21 of a ziggurat)
 96143 | Zig:22   | Identified the amulet of Leixy {RegenMP MR+ Int+4} (You found it on level 22 of a ziggurat)
 96151 | Zig:22   | Nib: don't think I will get better boots thou
 96161 | Zig:22   | Identified the cursed +0 pair of boots "Gaicor" {SInv} (You found it on level 22 of a ziggurat)
 96162 | Zig:22   | iamserjio: dnat need any cause sf
 96176 | Zig:22   | iamserjio: maybe one with +int
 96181 | Zig:22   | iamserjio: for sf spell power
 96183 | Zig:22   | Nib: ok
 96185 | Zig:22   | iamserjio: or if you go lich form
 96188 | Zig:23   | Entered Level 23 of a ziggurat
 96193 | Zig:23   | iamserjio: you need them :P
 96195 | Zig:23   | Nib: smoke demon is hmm
 96195 | Zig:23   | iamserjio: abyss my bet
 96196 | Zig:23   | Nib: yup
 96196 | Zig:23   | iamserjio: lucky
 96196 | Zig:23   | iamserjio: I mean ez floor
 96196 | Zig:23   | Nib: should i fog ?
 96196 | Zig:23   | iamserjio: no
 96196 | Zig:23   | Nib: and do the same thing ?
 96196 | Zig:23   | iamserjio: ign infest
 96196 | Zig:23   | Nib: or eblink and ignite ?
 96196 | Zig:23   | iamserjio: no need to blink forward
 96196 | Zig:23   | iamserjio: its kinda bad
 96196 | Zig:23   | Nib: so just wait for more enemies to arrive ?
 96196 | Zig:23   | iamserjio: yes
 96217 | Zig:23   | Reached skill level 27 in Fighting
 96217 | Zig:23   | Reached skill level 27 in Short Blades
 96217 | Zig:23   | Reached skill level 27 in Maces & Flails
 96217 | Zig:23   | Reached skill level 27 in Polearms
 96217 | Zig:23   | Reached skill level 27 in Staves
 96217 | Zig:23   | Reached skill level 27 in Slings
 96217 | Zig:23   | Reached skill level 27 in Bows
 96217 | Zig:23   | Reached skill level 27 in Crossbows
 96217 | Zig:23   | Reached skill level 27 in Throwing
 96217 | Zig:23   | Reached skill level 27 in Shields
 96217 | Zig:23   | Reached skill level 27 in Unarmed Combat
 96217 | Zig:23   | Reached skill level 27 in Evocations
 96224 | Zig:23   | iamserjio: if you blink forward you give them advantage
 96230 | Zig:23   | iamserjio: like they have first turn
 96230 | Zig:23   | Nib: aah
 96230 | Zig:23   | Nib: ok
 96240 | Zig:23   | iamserjio: same is step esp with chei
 96240 | Zig:23   | Gained mutation: Scrolls take you a little longer to read. [a cacodemon]
 96257 | Zig:23   | iamserjio: sometimes it will work cause you have great stealth in sf
 96335 | Zig:23   | Found the +10 dark maul {crush}
 96337 | Zig:23   | iamserjio: check muts
 96341 | Zig:23   | Nib: scrolls
 96341 | Zig:23   | Nib: lal
 96341 | Zig:23   | iamserjio: clear
 96341 | Zig:23   | Nib: we don't want the scrolls
 96343 | Zig:23   | Identified the Disquisition on Spatial Transformation
 96345 | Zig:23   | Identified Heot's Guide on Changing and Feathers
 96363 | Zig:23   | Got a vibrating turquoise ring
 96369 | Zig:23   | iamserjio: I mean roll
 96370 | Zig:23   | Identified Gutor's Grimoire of Creative Boosts
 96399 | Zig:23   | Nib: roll ?
 96401 | Zig:23   | iamserjio: roll some muts
 96401 | Zig:23   | Nib: kewl
 96401 | Zig:23   | Nib: this with riposte gloves
 96401 | Zig:23   | Nib: haha
 96401 | Zig:23   | iamserjio: XD
 96401 | Zig:23   | iamserjio: and acrobat amulet
 96401 | Zig:23   | Nib: i just take it with me if they drop
 96402 | Zig:23   | Identified the ring "Ziymos" {+Fly MR+} (You found it on level 23 of a ziggurat)
 96407 | Zig:23   | Nib: unlearn irradiate and ?
 96407 | Zig:23   | iamserjio: yes
 96409 | Zig:23   | Nib: we gonna learn tornado or necromutation ?
 96409 | Zig:23   | iamserjio: !rng t n
 96409 | Zig:23   | beem: The RNG chooses: n.
 96409 | Zig:23   | iamserjio: nah tornado
 96409 | Zig:23   | iamserjio: dunno really
 96409 | Zig:23   | Nib: gonna unlearn passwall
 96421 | Zig:23   | Learned a level 9 spell: Tornado
 96421 | Zig:23   | iamserjio: with necromut dont need sf
 96421 | Zig:23   | p0werm0de: iamserjio you still need a clan?
 96421 | Zig:23   | Nib: he is in my clan
 96421 | Zig:23   | p0werm0de: kk
 96421 | Zig:23   | p0werm0de: good catch :P
 96421 | Zig:23   | iamserjio: it was not me
 96421 | Zig:23   | p0werm0de: wat?
 96421 | Zig:23   | iamserjio: was fingolfin
 96421 | Zig:23   | p0werm0de: ah yea no im asking bcz daviar is lookin for members 2/6
 96422 | Zig:23   | p0werm0de: hes also russian, with aviak
 96424 | Zig:23   | iamserjio: russians have clan tho
 96424 | Zig:23   | p0werm0de: renifell might join
 96429 | Zig:23   | iamserjio: and its not full
 96435 | Zig:23   | iamserjio: reni have clan
 96438 | Zig:23   | p0werm0de: wew really
 96439 | Zig:24   | Entered Level 24 of a ziggurat
 96446 | Zig:24   | p0werm0de: reni ignores me .P
 96467 | Zig:24   | p0werm0de: inmateoo clan only takes pretty good players afaik
 96479 | Zig:24   | iamserjio: maybe aviak and aviar can join to chillaxing clan
 96480 | Zig:24   | p0werm0de: they told him theyre full
 96484 | Zig:24   | p0werm0de: chillaxing?
 96489 | Zig:24   | p0werm0de: whos the clan leader
 96495 | Zig:24   | iamserjio: wingboner
 96497 | Zig:24   | Reached skill level 24 in Conjurations
 96497 | Zig:24   | Reached skill level 24 in Hexes
 96497 | Zig:24   | Reached skill level 24 in Charms
 96497 | Zig:24   | Reached skill level 24 in Summonings
 96497 | Zig:24   | Reached skill level 24 in Translocations
 96497 | Zig:24   | Reached skill level 27 in Transmutations
 96497 | Zig:24   | Reached skill level 24 in Fire Magic
 96497 | Zig:24   | Reached skill level 24 in Ice Magic
 96497 | Zig:24   | Reached skill level 24 in Air Magic
 96497 | Zig:24   | Reached skill level 24 in Earth Magic
 96497 | Zig:24   | Reached skill level 24 in Poison Magic
 96498 | Zig:24   | p0werm0de: ah kk
 96502 | Zig:24   | iamserjio: they from telegramm dcss channel
 96504 | Zig:24   | iamserjio: all russians
 96642 | Zig:24   | Identified Micwy's Disquisition on Enchanting Talismans
 96652 | Zig:24   | Got a scintillating tin ring
 96686 | Zig:24   | Got a shimmering cloak
 96697 | Zig:24   | Identified the cursed +0 cloak "Izopratany" {MP+9} (You found it on level 24 of a ziggurat)
 96717 | Zig:24   | p0werm0de: kk
 96740 | Zig:24   | Nib: ooh yeah
 96740 | Zig:24   | Nib: i needed to clear some mut
 96740 | Zig:24   | Lost mutation: You are robust. (+10% HP) [potion of mutation]
 96740 | Zig:24   | Lost mutation: You are clumsy. (Dex -2) [potion of mutation]
 96740 | Zig:24   | Lost mutation: You have a somewhat thin skeletal structure. (Dex +2, Stealth) [potion of mutation]
 96740 | Zig:24   | Lost mutation: Scrolls take you a little longer to read. [potion of mutation]
 96740 | Zig:24   | Gained mutation: You have a pair of small horns on your head. [potion of mutation]
 96740 | Zig:24   | Lost mutation: You are surrounded by a mild repulsion field. (EV +2) [potion of mutation]
 96740 | Zig:24   | Gained mutation: You have sharp fingernails. [potion of mutation]
 96740 | Zig:24   | Gained mutation: Your natural rate of healing is unusually fast. [potion of mutation]
 96741 | Zig:24   | p0werm0de: how many zigs?
 96741 | Zig:24   | Nib: this is the 2nd
 96747 | Zig:25   | Entered Level 25 of a ziggurat
 96758 | Zig:25   | Nib: elf hmm
 96758 | Zig:25   | iamserjio: ez
 96919 | Zig:25   | Identified the Almanac of the Entourage and Intoxication
 96947 | Zig:25   | Identified the Almanac of Companions and Self-Improvement
 96968 | Zig:25   | Identified the ring of Baeh {rPois rF+ rN+ Int+5} (You found it on level 24 of a ziggurat)
 96973 | Zig:25   | Got a glittering jade ring
 96975 | Zig:25   | Identified the ring of Sulludet {*Tele rPois Int+4 Dex-4 Stlth+} (You found it on level 25 of a ziggurat)
 96987 | Zig:26   | Entered Level 26 of a ziggurat
 96995 | Zig:26   | Nib: hornet hmm
 97001 | Zig:26   | Noticed an ancient lich
 97005 | Zig:26   | Killed an ancient lich
 97006 | Zig:26   | Nib: vault
 97006 | Zig:26   | Nib: ooh ok
 97027 | Zig:26   | Noticed an ancient lich
 97027 | Zig:26   | Noticed an ancient lich
 97030 | Zig:26   | Killed an ancient lich
 97031 | Zig:26   | Noticed an ancient lich
 97032 | Zig:26   | Killed an ancient lich
 97034 | Zig:26   | Noticed an ancient lich
 97034 | Zig:26   | Noticed an ancient lich
 97036 | Zig:26   | Noticed an ancient lich
 97037 | Zig:26   | Killed an ancient lich
 97040 | Zig:26   | Noticed an ancient lich
 97041 | Zig:26   | Noticed an ancient lich
 97041 | Zig:26   | Killed an ancient lich
 97042 | Zig:26   | Killed an ancient lich
 97043 | Zig:26   | Killed an ancient lich
 97043 | Zig:26   | Noticed an ancient lich
 97045 | Zig:26   | Killed an ancient lich
 97050 | Zig:26   | iamserjio: evoke some mana
 97052 | Zig:26   | Killed an ancient lich
 97052 | Zig:26   | Noticed an ancient lich
 97056 | Zig:26   | Killed an ancient lich
 97058 | Zig:26   | Killed an ancient lich
 97110 | Zig:26   | Nib: storm here :p
 97199 | Zig:26   | Identified the Papyrus of Conjuration
 97239 | Zig:26   | iamserjio: 27 will be slime floor or dragon :>
 97241 | Zig:27   | Entered Level 27 of a ziggurat
 97242 | Zig:27   | Nib: mr expert
 97252 | Zig:27   | Nib: elf lol
 97252 | Zig:27   | Nib: is slime/dragon easy floor ?
 97257 | Zig:27   | iamserjio: noice dodge that silence floors
 97257 | Zig:27   | Nib: and mummy floors
 97260 | Zig:27   | iamserjio: fuck you panlords
 97262 | Zig:27   | Nib: fuck you mummies
 97277 | Zig:27   | iamserjio: can hear them cause silenced
 97280 | Zig:27   | iamserjio: *cant
 97457 | Zig:27   | Identified the Reference Book on Shape Shifting
 97466 | Zig:27   | Identified Vehumet's Collected Works on Conjuration and Feathers
 97492 | Zig:27   | Got a steaming iron ring
 97494 | Zig:27   | Identified the ring "Helejust" {rElec Str+2 Stlth+} (You found it on level 27 of a ziggurat)
 97519 | Zig:27   | Got a pair of transparent boots
 97530 | Zig:27   | Identified the -5 pair of boots of the Loofah {rPois rF+ rC+} (You found it on level 27 of a ziggurat)
 97585 | Hell     | Nib: i want more but it's dangerous :p
 97586 | Hell     | iamserjio: if you want do zigs start do them earlier
 97586 | Hell     | Nib: aah i got aura of abj
 97586 | Hell     | Nib: earlier for ?
 97586 | Hell     | Nib: a plan to get killed?
 97586 | Hell     | iamserjio: after 1-2 runes
 97586 | Hell     | iamserjio: I mean with different char that was purpose to do ziggs
 97586 | Hell     | Nib: ooh
 97586 | Hell     | Nib: ofc
 97586 | Hell     | iamserjio: defe
 97586 | Hell     | Nib: i want to find riposte gloves :p
 97586 | Hell     | iamserjio: for just Fe background can do it early
 97586 | Hell     | Nib: and test it out :p
 97586 | Hell     | iamserjio: it will be bad
 97586 | Hell     | Nib: bad for the enemy ? :p
 97586 | Hell     | iamserjio: XD
 97586 | Hell     | iamserjio: 1.need dodge
 97586 | Hell     | iamserjio: 2. its only 33 percents to riposte
 97586 | Hell     | Nib: oow yeah two handed
 97587 | Hell     | iamserjio: two handed is fine cause Sh decrease riposte chance
 97587 | Hell     | Nib: aah ok
 97587 | Hell     | Nib: i should do pan now probably
 97587 | Hell     | iamserjio: it will be like barely 15 percents will be riposted
 97587 | Hell     | iamserjio: can do tomb
 97587 | Hell     | iamserjio: with necromut esp
 97718 | Depths:5 | Nib: unlearn hmm
 98167 | Crypt:3  | iamserjio: pan will be cakewalk
 98168 | Crypt:3  | Nib: don't need tornado now ?
 98168 | Crypt:3  | iamserjio: mb just do zot and arbrun after tomb :P
 98168 | Crypt:3  | iamserjio: need tornado
 98168 | Crypt:3  | Nib: ok
 98168 | Crypt:3  | Nib: we can unlearn hmm
 98168 | Crypt:3  | Nib: reviv?
 98168 | Crypt:3  | iamserjio: but yeah with necromut infest is enough to do tomb
 98168 | Crypt:3  | iamserjio: sut its always nice to have tornado
 98168 | Crypt:3  | Nib: i need 8 levels
 98168 | Crypt:3  | iamserjio: animate off
 98168 | Crypt:3  | Nib: to learn
 98168 | Crypt:3  | Nib: animate dead and malign ?
 98168 | Crypt:3  | iamserjio: yep
 98170 | Crypt:3  | iamserjio: it doesnt really matter if you have a lot of amnesia scrolls
 98179 | Crypt:3  | Learned a level 8 spell: Necromutation
 98179 | Crypt:3  | iamserjio: cant quaff in lich form
 98192 | Tomb:1   | Entered Level 1 of the Tomb of the Ancients
 98193 | Tomb:1   | Nib: for Tomb:3
 98351 | Tomb:1   | Noticed a greater mummy
 98356 | Tomb:1   | Killed a greater mummy
 98650 | Tomb:1   | Noticed a greater mummy
 98653 | Tomb:1   | Killed a greater mummy
 98844 | Tomb:1   | Nib: or for Tomb:2
 98850 | Tomb:2   | Noticed a greater mummy
 98850 | Tomb:2   | Noticed a greater mummy
 98851 | Tomb:2   | Noticed a greater mummy
 98852 | Tomb:2   | Noticed a greater mummy
 98855 | Tomb:2   | Killed a greater mummy
 98859 | Tomb:2   | Killed a greater mummy
 98864 | Tomb:2   | Killed a greater mummy
 98864 | Tomb:2   | Killed a greater mummy
 99064 | Tomb:2   | iamserjio: can tp into room with ladder to tomb 3
 99078 | Tomb:2   | Nib: yup
 99078 | Tomb:2   | Nib: thats my plan
 99338 | Tomb:3   | Entered Level 3 of the Tomb of the Ancients
 99357 | Tomb:3   | Noticed Jory
 99365 | Tomb:3   | Killed Jory
 99368 | Tomb:3   | Noticed a greater mummy
 99369 | Tomb:3   | Noticed a greater mummy
 99370 | Tomb:3   | Noticed a greater mummy
 99371 | Tomb:3   | Killed a greater mummy
 99371 | Tomb:3   | Noticed a greater mummy
 99372 | Tomb:3   | Noticed an ancient lich
 99375 | Tomb:3   | Killed a greater mummy
 99376 | Tomb:3   | Killed a greater mummy
 99378 | Tomb:3   | Killed an ancient lich
 99379 | Tomb:3   | Noticed a greater mummy
 99379 | Tomb:3   | Noticed a greater mummy
 99380 | Tomb:3   | Killed a greater mummy
 99381 | Tomb:3   | Noticed a greater mummy
 99382 | Tomb:3   | Killed a greater mummy
 99384 | Tomb:3   | Killed a greater mummy
 99384 | Tomb:3   | Killed a greater mummy
 99385 | Tomb:3   | Noticed a greater mummy
 99390 | Tomb:3   | Killed a greater mummy
 99513 | Tomb:3   | Identified the Compendium of Black Rituals
 99519 | Tomb:3   | Identified Sif Muna's Disquisition on Air and Sinister Rites
 99525 | Tomb:3   | Got a fine tin ring
 99667 | Tomb:3   | Identified the Compendium of Flames and the Rocks
 99786 | Tomb:3   | Got a golden rune of Zot
 99815 | Tomb:3   | Identified the ring of Recklessness {Wiz +Fly MP+9} (You found it on level 3 of the Tomb of the Ancients)
 99846 | Tomb:3   | Nib: scroll of torment is useful with necromutation right
 99883 | Tomb:3   | iamserjio: yes but not in ext
 99900 | Tomb:2   | iamserjio: mu and gh can torment with scroll trj for example
 99912 | Tomb:1   | iamserjio: or any char with kiku
100047 | Crypt:3  | Nib: can you do a zig with the orb ? :p;
100047 | Crypt:3  | iamserjio: sure
100047 | Crypt:3  | Nib: have you done it before?
100451 | Depths:3 | iamserjio: no, I will do tomb with orb for tounament probably
100454 | Depths:3 | Nib: cool
100454 | Depths:3 | iamserjio: shouldnt do duhz today, not expected that will win that fast
100454 | Depths:3 | Nib: so instead of SF i'm gonna use necro
100454 | Depths:3 | Nib: for pan ?
100454 | Depths:3 | iamserjio: yes just beware of damnations
100454 | Depths:3 | Nib: ofc
100454 | Depths:3 | Nib: gonna take a break now :)
100454 | Depths:3 | iamserjio: kk
100455 | Depths:3 | Nib: thanks for the advice
100455 | Depths:3 | Upgraded the game from 0.22-b1-59-g0aedee7 to 0.22.0
100461 | Pan      | Entered Pandemonium
100511 | Pan      | HP: 74/323 [??? (14)]
100519 | Pan      | HP: 77/323 [??? (15)]
100536 | Pan      | Reached skill level 27 in Necromancy
100657 | Pan      | Gained mutation: Your magical capacity is low. (-10% MP) [a cacodemon]
100678 | Pan      | Noticed Uducuen the pandemonium lord
100690 | Pan      | Killed Uducuen the pandemonium lord
100810 | Pan      | Entered the realm of Cerebov.
100852 | Pan      | Got a crude silver ring
100932 | Pan      | Identified Kuukh's Reference Book on Bewitching Darkness
100965 | Pan      | Identified Sif Muna's Disquisition on Boosting Venom
100981 | Pan      | Noticed Cerebov
101007 | Pan      | Killed Cerebov
101067 | Pan      | Got a fiery rune of Zot
101295 | Pan      | Noticed Zaurem the pandemonium lord
101299 | Pan      | Killed Zaurem the pandemonium lord
101310 | Pan      | Reached skill level 27 in Conjurations
101310 | Pan      | Reached skill level 27 in Hexes
101310 | Pan      | Reached skill level 27 in Charms
101310 | Pan      | Reached skill level 27 in Summonings
101310 | Pan      | Reached skill level 27 in Translocations
101310 | Pan      | Reached skill level 27 in Fire Magic
101310 | Pan      | Reached skill level 27 in Ice Magic
101310 | Pan      | Reached skill level 27 in Air Magic
101310 | Pan      | Reached skill level 27 in Earth Magic
101310 | Pan      | Reached skill level 27 in Poison Magic
101394 | Pan      | Found an exit through the horrors of the Abyss.
101544 | Pan      | Entered the realm of Mnoleg.
101568 | Pan      | Gained mutation: You are clumsy. (Dex -2) [a cacodemon]
101569 | Pan      | Gained mutation: You expend magic power (3 MP) to strengthen your wands. [a cacodemon]
101578 | Pan      | Gained mutation: Potions are less effective at restoring your health. [a neqoxec]
101591 | Pan      | Identified the ring "Anurif" {MP+9 Str+4 Int+4} (You found it in Pandemonium)
101592 | Pan      | Identified the amulet "Fusoethono" {Acrobat Str+3 Int+4} (You found it in Pandemonium)
101619 | Pan      | Paralysed by a floating eye for 2 turns
101689 | Pan      | Noticed Mnoleg
101695 | Pan      | Killed Mnoleg
101702 | Pan      | Gained mutation: Armour fits poorly on your strangely shaped body. [a neqoxec]
101752 | Pan      | Paralysed by a floating eye for 3 turns
101753 | Pan      | Gained mutation: Potions are poor at restoring your health. [a neqoxec]
101754 | Pan      | Gained mutation: You are weak. (Str -2) [a neqoxec]
101783 | Pan      | Gained mutation: Your magical capacity is very low. (-20% MP) [a shining eye]
101784 | Pan      | Gained mutation: You are dopey. (Int -2) [a shining eye]
101816 | Pan      | Got a glowing rune of Zot
102026 | Pan      | Lost mutation: Your natural rate of healing is unusually fast. [a neqoxec]
102158 | Pan      | Gained mutation: Your body sometimes deteriorates upon taking damage. [a neqoxec]
102238 | Pan      | Noticed Jeusoqar the pandemonium lord
102244 | Pan      | Killed Jeusoqar the pandemonium lord
102249 | Pan      | Gained mutation: Scrolls take you a little longer to read. [a neqoxec]
102277 | Pan      | Entered the realm of Lom Lobon.
102283 | Pan      | Lost mutation: You have large cloven feet. [potion of mutation]
102283 | Pan      | Lost mutation: You are weak. (Str -2) [potion of mutation]
102283 | Pan      | Lost mutation: You are dopey. (Int -2) [potion of mutation]
102283 | Pan      | Lost mutation: Your body sometimes deteriorates upon taking damage. [potion of mutation]
102283 | Pan      | Lost mutation: Scrolls take you a little longer to read. [potion of mutation]
102283 | Pan      | Lost mutation: You are clumsy. (Dex -2) [potion of mutation]
102284 | Pan      | Lost mutation: Armour fits poorly on your strangely shaped body. [potion of mutation]
102284 | Pan      | Lost mutation: You have a pair of small horns on your head. [potion of mutation]
102284 | Pan      | Gained mutation: You are agile. (Dex +2) [potion of mutation]
102284 | Pan      | Gained mutation: Your flesh is heat resistant. (rF+) [potion of mutation]
102285 | Pan      | Lost mutation: Your magical capacity is very low. (-20% MP) [potion of mutation]
102285 | Pan      | Lost mutation: You passively map a small area around you. [potion of mutation]
102285 | Pan      | Lost mutation: You are agile. (Dex +2) [potion of mutation]
102285 | Pan      | Gained mutation: Your muscles are strong. (Str +2) [potion of mutation]
102285 | Pan      | Gained mutation: You possess an exceptional clarity of mind. [potion of mutation]
102286 | Pan      | Lost mutation: Your muscles are strong. (Str +2) [potion of mutation]
102286 | Pan      | Lost mutation: Your flesh is heat resistant. (rF+) [potion of mutation]
102286 | Pan      | Lost mutation: Your magical capacity is low. (-10% MP) [potion of mutation]
102286 | Pan      | Lost mutation: Potions are poor at restoring your health. [potion of mutation]
102286 | Pan      | Gained mutation: You are agile. (Dex +2) [potion of mutation]
102287 | Pan      | Lost mutation: You are agile. (Dex +2) [potion of mutation]
102287 | Pan      | Lost mutation: You possess an exceptional clarity of mind. [potion of mutation]
102287 | Pan      | Lost mutation: Potions are less effective at restoring your health. [potion of mutation]
102287 | Pan      | Gained mutation: You have large cloven feet. [potion of mutation]
102287 | Pan      | Gained mutation: You have hoof-like feet. [potion of mutation]
102491 | Pan      | Noticed Lom Lobon
102501 | Pan      | Killed Lom Lobon
102560 | Pan      | Got a magical rune of Zot
102627 | Pan      | Entered the realm of Gloorx Vloq.
102727 | Pan      | Noticed Gloorx Vloq
102740 | Pan      | Killed Gloorx Vloq
102760 | Pan      | Got a dark rune of Zot
102847 | Pan      | Gained mutation: Your magical capacity is low. (-10% MP) [a neqoxec]
102851 | Pan      | Gained mutation: You are dopey. (Int -2) [a neqoxec]
102860 | Pan      | Noticed Pexaqagu the pandemonium lord
102861 | Pan      | Gained mutation: Your spells are a little easier to cast, but a little less powerful. [a cacodemon]
102863 | Pan      | Killed Pexaqagu the pandemonium lord
102865 | Pan      | Gained mutation: Your magical capacity is very low. (-20% MP) [a cacodemon]
102935 | Pan      | Found a runed door.
102944 | Pan      | Got a demonic rune of Zot
103077 | Pan      | Noticed Okymeome the pandemonium lord
103088 | Pan      | Killed Okymeome the pandemonium lord
103266 | Pan      | Gained mutation: You are frail. (-10% HP) [a cacodemon]
103284 | Pan      | Gained mutation: You are very dopey. (Int -4) [a neqoxec]
103284 | Pan      | Gained mutation: You do not regenerate when monsters are visible. [a neqoxec]
103372 | Pan      | Found an exit through the horrors of the Abyss.
103382 | Pan      | Took an exit into the Abyss.
103382 | Abyss:1  | Escaped into the Abyss
103394 | Depths:3 | Escaped the Abyss
103637 | Zot:5    | Lost mutation: You do not regenerate when monsters are visible. [potion of mutation]
103637 | Zot:5    | Lost mutation: You are frail. (-10% HP) [potion of mutation]
103637 | Zot:5    | Lost mutation: You are very dopey. (Int -4) [potion of mutation]
103637 | Zot:5    | Gained mutation: Your muscles are strong. (Str +2) [potion of mutation]
103637 | Zot:5    | Lost mutation: You have hoof-like feet. [potion of mutation]
103637 | Zot:5    | Gained mutation: Your muscles are very strong. (Str +4) [potion of mutation]
103638 | Zot:5    | Lost mutation: Your magical capacity is very low. (-20% MP) [potion of mutation]
103638 | Zot:5    | Lost mutation: You are dopey. (Int -2) [potion of mutation]
103638 | Zot:5    | Lost mutation: Your muscles are very strong. (Str +4) [potion of mutation]
103638 | Zot:5    | Lost mutation: You expend magic power (3 MP) to strengthen your wands. [potion of mutation]
103638 | Zot:5    | Gained mutation: You have supernaturally acute eyesight. (SInv) [potion of mutation]
103639 | Zot:5    | Lost mutation: You have sharp fingernails. [potion of mutation]
103639 | Zot:5    | Lost mutation: You have supernaturally acute eyesight. (SInv) [potion of mutation]
103639 | Zot:5    | Gained mutation: You are partially covered in large bone plates. (SH +4) [potion of mutation]
103640 | Zot:5    | Lost mutation: Your spells are a little easier to cast, but a little less powerful. [potion of mutation]
103640 | Zot:5    | Lost mutation: You have large cloven feet. [potion of mutation]
103640 | Zot:5    | Lost mutation: Your magical capacity is low. (-10% MP) [potion of mutation]
103640 | Zot:5    | Gained mutation: You are partially covered in slimy green scales. (AC +2) [potion of mutation]
103640 | Zot:5    | Gained mutation: You have large cloven feet. [potion of mutation]
103640 | Zot:5    | Gained mutation: You have a pair of small horns on your head. [potion of mutation]
103660 | Zot:5    | Got the Orb of Zot
103874 | Depths:4 | Noticed Amidgh the pandemonium lord
103882 | Depths:4 | Killed Amidgh the pandemonium lord
104263 | D:4      | Noticed Odasekho the pandemonium lord
104275 | D:4      | Killed Odasekho the pandemonium lord
104333 | D:$      | Escaped with the Orb!

Vault maps used:
D:1:      dpeg_arrival_tiny_d
D:2:      nicolae_ru_awakened_eye, lemuel_round_altar
D:3:      gammafunk_temple_overflow_forgotten, first_ration, uniq_purgy,
          uniq_jessica
D:4:      ashenzari_altar_1
D:5:      cheibrodos_fzero, nicolae_ossuary_entry_ruins, eino_curves_03,
          tso_metal_star
D:6:      marbit_many_paths, kennysheep_mini_moat, basic_altar,
          makhleb_heckhound_becter, uniq_menkaure
D:7:      minmay_temple_entry_grid
D:8:      gammafunk_temple_of_torment, uniq_harold
D:9:      serial_shops, shop_coins, enter_bailey_2, uniq_erolcha
D:10:     david_orc_2
D:11:     grunt_lair_entry_orc_guard_hut, hangedman_little_slice_of_home,
          uniq_psyche
D:12:     uniq_azrael, uniq_josephine
D:13:     lightli_vaults_fourway_checkpoint,
          portal_ice_cave_entry_animals_and_master
D:14:     kennysheep_kobold_grotto, lab_entry_generic, minmay_crystal_room,
          basic_altar, minivault_12
D:15:     grunt_enter_depths_magical_seal, nicolae_benzene_ring, basic_altar,
          aerie_lemuel
Lair:1:   grunt_megastairs_5
Lair:2:   hibernation_bobbens
Lair:3:   elwin_shoals_entry_rooms, special_room, basic_altar,
          hangedman_lair_unloving_vines, st_stairs_13, uniq_nergalle
Lair:4:   minmay_snake_entry_guardpost_medium, lookout_lair_type,
          patterned_corridor, uniq_sonja
Lair:5:   basic_altar
Lair:6:   cheibrodos_lair_end_hotspot, slime_dummy
Shoals:1: serial_shops, nicolae_shop_stone, shop, shop_fountains,
          nicolae_shop_crystal, nicolae_shoals_square_sea_wall
Shoals:2: ebering_ghost_rock_garden, uniq_polyphemus
Shoals:3: gammafunk_ghost_necromancy, st_shoals_ruin
Shoals:4: shoals_end_simple, serial_shops, shop,
          nicolae_shoals_kraken_intersection
Snake:1:  statue_in_the_mist_lemuel
Snake:2:  serial_shops, shop_statue, ebering_ghost_reflecting_pool,
          minmay_shoptagon
Snake:3:  grunt_megastairs_4, lemuel_fruit_tree, uniq_saint_roka, uniq_louise,
          uniq_roxanne, uniq_nikola
Snake:4:  johnstein_snake_rune_scales
Slime:1:  cheibrodos_slime_lost_civilization_4
Orc:1:    nicolae_orc_pool_cavern, elves_outpost_lemuel, uniq_maurice
Orc:2:    grunt_orc_gardens, grunt_orc_garden, grunt_orc_garden,
          grunt_orc_garden, grunt_orc_garden, maelrawn_ghost_labyrinth_escape
Elf:1:    minmay_elf_crystal_heptagon
Elf:2:    mu_enter_wizlab_7, evilmike_minifort, basic_stair_grate_trap
Elf:3:    minmay_elf_hall_circle, enter_trove_0, serial_shops, shop,
          hangedman_elf_simple_split, lemuel_statue_altar,
          basic_stair_grate_trap
Vaults:1: ontoclasm_vaults_eye, v_alt_pattern_1,
          nicolae_vaults_little_squares_4, vaults_room_octagon,
          grunt_vaults_hallway_short, v_alt_pattern_1,
          nicolae_vaults_hallways_thing, serial_ice_m,
          nicolae_vaults_yaktaur_gun_rack
Vaults:2: ontoclasm_vaults_ligature, vaults_room_grid, vaults_dpeg_hooks,
          nicolae_vaults_little_ls, v_alt_pattern_5, vaults_mumra_chevron,
          hangedman_vaults_slice, minmay_crypt_entry_vampire_xt,
          v_alt_pattern_2, ontoclasm_vaults_fault, grunt_vaults_funnel,
          vaults_room_corners, vaults_dpeg_diagonal, vaults_dpeg_encased_lava,
          nicolae_vaults_rhombus_5
Vaults:3: hangedman_vaults_pinch, hangedman_vaults_nails, v_alt_pattern_2,
          nicolae_vaults_ninety_degrees, ontoclasm_vaults_shout, v_rooms_4,
          ontoclasm_vaults_twist, nicolae_vaults_network_s, v_alt_pattern_4,
          nicolae_vaults_rhombus_6, v_misc_8, nicolae_vaults_little_squares_6,
          v_misc_17
Vaults:4: ontoclasm_vaults_gateway, v_misc_28, hangedman_vaults_maws,
          hangedman_vaults_restitches, nicolae_vaults_network_periphery,
          ontoclasm_vaults_ring_large, hangedman_vaults_stretched_pinwheel,
          st_hourglassy, v_rooms_5, vaults_room_boxed
Vaults:5: serial_shops, uniq_xtahua
Crypt:1:  serial_glass, glass_columns_b, glass_columns_b, grunt_ministairs_12
Crypt:3:  evilmike_haunted_forest
Tomb:3:   uniq_jory
Depths:1: hangedman_decor_riveting, hell_entry, nicolae_rare_books
Depths:2: gammafunk_mikee_crab_dinner, enter_ziggurat_b, hell_entry,
          serial_glass, glass_columns_c, glass_columns_a
Depths:3: minmay_triangles_in_corner, kennysheep_nondescript, pan_entry,
          hell_entry, serial_bayou_lagoon_a, grunt_decor_cap,
          hangedman_decor_push, minmay_staircase_windowed_large, firewood_loft,
          uniq_enchantress, uniq_boris
Depths:4: minmay_sliced_demisemicircle, dk_noncrumbling_2,
          pf_hell_entry_tar_spiral, abyss_entry, pan_entry, serial_corexii_hall,
          corexii_hall_statues_s, corexii_hall_statues_i,
          infiniplex_staircase_zigzag_5, uniq_sojobo
Depths:5: grunt_zot_entry_tricorne, gammafunk_ghost_grave,
          grunt_hell_entry_dis_grunt, minmay_fountain_box, serial_bayou_shore_a,
          minmay_shop_grove
Dis:7:    dis_st
Geh:7:    geh_hangedman
Coc:7:    coc_hangedman
Tar:1:    nicolae_tar_cuneiform_two, grunt_megastairs_1
Tar:6:    nicolae_tar_cuneiform_oil, nicolae_tar_cuneiform_city
Tar:7:    tar_minmay_river
Zot:1:    gammafunk_its_a_trap
Zot:4:    grunt_zot_stairs_faceoff, grunt_ministairs_12
Abyss:1:  hangedman_decor_peaks_small, evilmike_abyss_exit_chaos,
          grunt_abyss_exit_deep_breaths
Abyss:3:  hangedman_abyss_rune_macabre_mess, hangedman_abyss_or_decor_clamps,
          gammafunk_abyss_rune_reverse_zot, bh_abyss_exit_spiral, minivault_13
Abyss:4:  evilmike_nicolae_abyss_rune_containment_curve
Abyss:5:  hangedman_abyss_or_decor_clamps
Pan:      nicolae_pan_glass_arcs, special_room, grunt_pan_in_and_out,
          evilmike_mini_pan_doors, nicolae_pan_strange_glyphs,
          nicolae_pan_sigil_nadil, nicolae_pan_door_chamber, cerebov,
          evilmike_mini_pan_thingy, nicolae_pan_gloorx_vloqian_2,
          evilmike_mini_pan_thingy, pan_blood_fountain_2,
          reaverb_pan_figure_eight, nicolae_pan_sick_transit,
          nicolae_pan_sigil_itan, reaverb_pan_chaos_star,
          evilmike_mini_pan_layers, pan_blood_fountain_small,
          evilmike_mnoleg_eyes, evilmike_mini_pan_other_thingy,
          nicolae_pan_sigil_nadil, evilmike_mini_pan_corridor,
          evilmike_mini_pan_possible_glass, lom_lobon_st,
          nicolae_pan_gloorx_vloqian_4, gloorx_vloq_grunt, special_room,
          reaverb_pan_squares, regret_index_pan_draining_boxed,
          pan_blood_fountain, grunt_pan_frozen_over, pan_blood_fountain,
          pan_blood_fountain_small
Zig:7:    ziggurat_pillar_centre_oklobs
Zig:10:   ziggurat_pillar_centre_dead_trees
Zig:11:   ziggurat_pillar_centre_c
Zig:12:   ziggurat_pillar_centre_drop
Zig:16:   ziggurat_pillar_centre_smoke
Zig:24:   ziggurat_pillar_centre_more_plants
Lab:      labyrinth_spiral, nicolae_lab_blocks, labyrinth_glass_1,
          nicolae_lab_t_cross, nicolae_lab_statue, nicolae_lab_quarters,
          labyrinth_skeletal_remains, nicolae_lab_diamond,
          nicolae_lab_starburst, nicolae_lab_x
Trove:    trove_garden
Ossuary:  ossuary_tomb_1
Bailey:   bailey_axe_4, bailey
IceCv:    ice_cave_small_demon
WizLab:   wizlab_lehudib

Action                   |  1- 3 |  4- 6 |  7- 9 | 10-12 | 13-15 | 16-18 | 19-21 | 22-24 | 25-27 || total
-------------------------+-------+-------+-------+-------+-------+-------+-------+-------+-------++-------
Melee: Unarmed           |     1 |       |       |       |       |       |       |       |     7 ||     8
       Spear             |    41 |    11 |       |       |       |       |       |       |       ||    52
       Bite              |     4 |    11 |    70 |   159 |   300 |   362 |   222 |   477 |  1737 ||  3342
       Whip              |    41 |   122 |   345 |       |       |       |       |       |       ||   508
       Punch             |       |       |    13 |    35 |    81 |       |       |       |       ||   129
       Rapier            |       |       |   121 |   674 |  1192 |  1316 |   335 |       |       ||  3638
       Battleaxe         |       |       |       |       |    88 |       |       |       |       ||    88
       Demon trident     |       |       |       |       |       |    40 |       |       |    13 ||    53
       War axe           |       |       |       |       |       |   198 |   457 |  1560 |    74 ||  2289
       Headbutt          |       |       |       |       |       |       |   177 |   781 |  1774 ||  2732
       Broad axe         |       |       |       |       |       |       |       |       |  5509 ||  5509
       Eudemon blade     |       |       |       |       |       |       |       |       |  2664 ||  2664
       Kick              |       |       |       |       |       |       |       |       |  1999 ||  1999
       Staff             |       |       |       |       |       |       |       |       |    51 ||    51
 Fire: Fustibalus        |       |       |       |       |       |       |   242 |   662 |       ||   904
Throw: Tomahawk          |       |       |       |       |     1 |       |       |       |       ||     1
       Throwing net      |       |       |       |       |       |       |     1 |       |    11 ||    12
 Cast: Pain              |    13 |     4 |       |       |     1 |       |       |       |       ||    18
       Vampiric Draining |     2 |    19 |     6 |    29 |    34 |    29 |     4 |       |       ||   123
       Animate Skeleton  |     1 |       |       |       |       |       |       |       |       ||     1
       Regeneration      |       |     3 |     5 |    38 |   105 |    99 |    51 |    71 |   673 ||  1045
       Confuse           |       |       |     3 |     3 |     3 |       |       |       |       ||     9
       Animate Dead      |       |       |     1 |     2 |       |       |       |       |       ||     3
       Summon Lightning  |       |       |       |     9 |    44 |    57 |    30 |    32 |     9 ||   181
       Song of Slaying   |       |       |       |     5 |    46 |    52 |    30 |    54 |   246 ||   433
       Borgnjor's Vile C |       |       |       |       |       |     7 |    10 |    21 |   187 ||   225
       Spectral Weapon   |       |       |       |       |       |     1 |       |       |       ||     1
       Shadow Creatures  |       |       |       |       |       |       |       |       |    28 ||    28
       Statue Form       |       |       |       |       |       |       |       |       |   383 ||   383
       Lesser Beckoning  |       |       |       |       |       |       |       |       |   185 ||   185
       Ignition          |       |       |       |       |       |       |       |       |   147 ||   147
       Infestation       |       |       |       |       |       |       |       |       |    58 ||    58
       Malign Gateway    |       |       |       |       |       |       |       |       |    16 ||    16
       Controlled Blink  |       |       |       |       |       |       |       |       |    16 ||    16
       Apportation       |       |       |       |       |       |       |       |       |    12 ||    12
       Deflect Missiles  |       |       |       |       |       |       |       |       |     8 ||     8
       Necromutation     |       |       |       |       |       |       |       |       |     2 ||     2
Invok: Temporal Distorti |       |       |       |     3 |    10 |       |       |       |     3 ||    16
       Slouch            |       |       |       |     2 |    10 |    11 |     8 |     3 |    36 ||    70
       Step From Time    |       |       |       |     1 |       |     2 |       |       |     3 ||     6
       Bend Time         |       |       |       |       |       |       |       |       |     9 ||     9
 Abil: Evoke Flight      |       |       |     1 |     3 |       |     4 |     2 |       |       ||    10
       End Transformatio |       |       |       |       |       |       |       |       |     1 ||     1
Evoke: Wand              |       |       |     4 |    12 |    17 |    21 |       |     1 |    15 ||    70
       Sack of spiders   |       |       |       |       |       |     1 |       |       |     1 ||     2
       Phial of floods   |       |       |       |       |       |       |     1 |       |       ||     1
       Staff of energy   |       |       |       |       |       |       |       |       |    37 ||    37
       Box of beasts     |       |       |       |       |       |       |       |       |     8 ||     8
       Crystal ball of e |       |       |       |       |       |       |       |       |     2 ||     2
       Horn of Geryon    |       |       |       |       |       |       |       |       |     1 ||     1
       Figurine of a zig |       |       |       |       |       |       |       |       |     1 ||     1
  Use: Scroll            |       |     1 |    12 |    13 |    18 |    10 |    22 |     5 |   147 ||   228
       Potion            |       |       |     4 |     3 |     3 |    11 |    13 |     2 |    72 ||   108
 Stab: Sleeping          |     9 |     3 |    11 |    25 |    24 |     9 |     5 |       |    30 ||   116
       Confused          |       |       |     3 |     1 |     1 |       |       |       |    14 ||    19
       Distracted        |       |       |       |     2 |    17 |    38 |    12 |    23 |    58 ||   150
       Petrified         |       |       |       |       |     1 |       |       |     1 |     2 ||     4
       Invisible         |       |       |       |       |       |       |       |     1 |     5 ||     6
       Held in net/web   |       |       |       |       |       |       |       |       |    15 ||    15
       Petrifying        |       |       |       |       |       |       |       |       |     1 ||     1
       Paralysed         |       |       |       |       |       |       |       |       |     1 ||     1
  Eat: Chunk             |     3 |     7 |     3 |    12 |    15 |     4 |     4 |     4 |     7 ||    59
       Ration            |       |       |     1 |     2 |     5 |     8 |    10 |     6 |    46 ||    78
Armor: Robe              |    13 |    15 |       |       |       |       |       |       |       ||    28
       Troll leather arm |       |    14 |   147 |   102 |       |       |       |       |       ||   263
       Ring mail         |       |       |       |    30 |   311 |    62 |       |       |       ||   403
       Leather armour    |       |       |       |    25 |       |       |       |       |       ||    25
       Chain mail        |       |       |       |       |       |    34 |       |       |       ||    34
       Plate armour      |       |       |       |       |       |   152 |   141 |       |       ||   293
       Gold dragon scale |       |       |       |       |       |       |    34 |   802 |   527 ||  1363
       Skin              |       |       |       |       |       |       |       |       |  1384 ||  1384
Dodge: Dodged            |    52 |   149 |   487 |   914 |  1766 |   781 |   291 |   837 |  9774 || 15051
       Deflected         |       |       |       |       |       |       |       |       |   174 ||   174
Block: Shield            |       |       |       |       |   235 |   341 |       |       |  1821 ||  2397
       Large shield      |       |       |       |       |       |  1414 |   930 |  2694 | 13507 || 18545
       Reflection        |       |       |       |       |       |   167 |    87 |   177 |    62 ||   493
       Rpst.: Eudemon blade |       |       |       |       |       |       |       |       |   562 ||   562
